Workbook

Sheet Verificacion jurídica
F3: CONCURSO DE MERITOS Nº STM-CM-293-2024
B4: OBJETO: REALIZAR LA GERENCIA INTEGRAL PARA LA INTERVENTORÍA TÉCNICA, ADMINISTRATIVA, FINANCIERA, OPERATIVA, JURÍDICA, AMBIENTAL Y SOCIAL AL CONTRATO CUYO OBJETO ES: IMPLEMENTAR INTERVENCIONES EN INFRAESTRUCTURA VIAL PARA MEJORAR LAS CONDICIONES DE SEGURIDAD VIAL Y MITIGAR RIESGOS EN PUNTOS CRÍTICOS PRIORIZADOS A CARGO DEL DEPARTAMENTO DE CUNDINAMARCA
A5: REQUISITOS HABILITANTES JURÍDICOS | D5: 1 | G5: 2 | H5: 3 | I5: 4 | K5: 5 | M5: 6 | O5: 7 | P5: 8 | Q5: 9 | S5: 10 | T5: 11 | U5: 12 | W5: 13 | X5: 14 | Z5: 15 | AB5: 16 | AC5: 17 | AD5: 18 | AF5: 19 | AH5: 20 | AI5: 21 | AJ5: 22 | AL5: 23 | AO5: 24 | AP5: 25 | AQ5: 26 | AS5: 27 | AU5: 28 | AW5: 29 | AY5: 30 | BB5: 31 | BD5: 32 | BF5: 33 | BI5: 34 | BK5: 35 | BN5: 36 | BO5: 37
D6: CONSORCIO INTERSEGURIDAD VIAL | G6: GRUPO METRO COLOMBIA SAS | H6: INGENIEROS CIVILES ESPECIALISTAS S.A.S | I6: CONSORCIO INTERSEÑALIZACION GAB, | K6: CONSORCIO INTERVIAL STM | M6: CONSORCIO INTER SEÑALES G&G | O6: ALIANZA INTEGRAL DE PROYECTOS SAS BIC | P6: EMPROCIV SAS | Q6: CONSORCIO SEGURIDAD VIAL CUNDINAMARCA | S6: ING INGENIERIA SAS | T6: NSP DE COLOMBIA SAS | U6: CONSORCIO SMA INFRAESTRUCTURA | W6: JASEN CONSULTORES S.A.S. | X6: CONSORCIO CIMA ACTING | Z6: CONSORCIO SEGURIDAD VIAL SB | AB6: CONSORCIO SEGURIVIAL SM INGENIEROS CONSTRUCTORES Y ASESORES SAS | AC6: CONSORCIO ESENDA | AD6: PROYECTOS TECNICOS DE COLOMBIA S.A.S | AF6: CONSORCIO ARQUÍMEDE | AH6: GERMÁN RAMÍREZ BARBOSA | AI6: COBA B&C S.A.S | AJ6: CONSORCIO ECO INFRAESTRUCTURA | AL6: CONSORCIO OBRAS URBANAS | AO6: PROYECTOS CONSTRUCCIONES CIVILES Y VIALES S.A.S - PIV INGENIERÍA S.A.S. | AP6: RESTREPO Y URIBE SAS | AQ6: CONSORCIO ALMA - INTERNOVAC | AS6: CONSORCIO CIVILPROJECT II | AU6: CONSORCIO CONSTRUGAVI 293 | AW6: CONSORCIO SEGVIAL CUNDINAMARCA | AY6: CONSORCIO VIAL 2024. | BB6: CONSORCIO INTERVENTOR 25 | BD6: CONSORCIO INCOPLAN - JCS | BF6: CONSORCIO INT SEGURIDAD VIAL. | BI6: INTERVENTORIA MOVIL | BK6: CONSORCIO INTERVAL2 | BN6: VELNEC S.A. | BO6: UNION TEMPORAL LOS TREBOLES
D7: CONSULTORES INTERVENTORES COLOMBIANOS SAS | E7: D & B INGENIEROS CIVILES S A S | F7: INGENIERIA COLOMBIANA PREMIUM SAS | I7: INGEPLAN.CO INFRAESTRUCTURA S.A.S | J7: GAB INGENIERIA SAS | K7: INPROTEKTO LIMITADA | L7: BRAIN INGENIERIA VIAL SAS | M7: GNG SERVICIOS DE INGENIERÍA S.A.S. | N7: GNG PROYECTOS S.A.S | Q7: CB INGENIERIA Y DESARROLLO S.A.S BIC. | R7: CB INGENIEROS SAS | U7: SALGADO, MENDEZ Y ASOCIADOS INGENIEROS CONSULTORES S,A,S | V7: SALGADO MELENDEZ INFRAESTRUCTURA S,A,S | X7: CIMA ENGINEERING S.A.S | Y7: ACTIVIDADES DE INGENIERIA EN INFRAESTRUCTURA S.A.S. - ACTING INFRAESTRUCTURA S.A.S | Z7: SERVICIOS DE INGENIERÍA Y CONSTRUCCIÓN S.A.S | AA7: BETMAF S.A.S. | AF7: SOLUCIONES PARA LA INGENIERÍA SAS | AG7: INFRAESTRUCTURA INTEGRAL SAS | AJ7: ECOVIAS S.A.S | AK7: ECOING PROYECTOS S.A.S | AL7: RAFAEL JAVIER GUISARUEDA | AM7: HUMBERTO JAUREGU& CIAS S.A.S | AN7: PROYECTOS VIALES S.AS | AQ7: ALMA INTERVENTORIA & CONSULTORIA SAS | AR7: NTERNOVAC GROUP S.A.S – BIC | AS7: ALFREDO JOSÉ LEPESQUEUR MARTÍNEZ | AT7: AS INGENIERÍA Y CONSULTORÍA S.A.S. | AU7: GAVINCO INGENIEROS CONSULTORES S.A.S | AV7: CONSTRUMAVE S.A.S | AW7: E.D.L. S.A.S. | AX7: D.I.S. S.A.S. | AY7: NOGAALL SAS | AZ7: LITORAL CONSULTING SAS | BA7: APP CONSULTORES & ESTRUCTURADORES SAS | BB7: PAULO EMILIO BRAVO CONSULTORES S.A.S. | BC7: BB CONSULTORA SAS | BD7: INGENIERÍA CONSULTORÍA Y PLANEACIÓN S.A - INCOPLAN S.A- | BE7: JUAN CARLOS SANCHEZ GRUPO CONSULTOR Y CONSTRUCTOR SAS | BF7: FRONTERAS CONSTRUCTORA S.A.S. | BG7: YTMING S.A.S. | BH7: TLL ARQUITECTOS E INGENIEROS S.A.S. | BI7: INGEVAL S.A.S | BJ7: CELQO S.A.S | BK7: VALDOS 22 SAS | BL7: JJAB SAS | BM7: OSWALDO GUTIÉRREZ CHARRY | BO7: INFRACOL INGENIERIA SAS | BP7: BATEMAN INGENIERIA SAS
A8: 1 | B8: Carta de Presentación de la propuesta FORMATO 1 | D8: CUMPLE | G8: CUMPLE | H8: CUMPLE | I8: CUMPLE | K8: CUMPLE | M8: CUMPLE | O8: CUMPLE | P8: CUMPLE | Q8: CUMPLE | S8: CUMPLE | T8: CUMPLE | U8: CUMPLE | W8: CUMPLE | X8: NO CUMPLE NO APORTA DOCUMENTO DE ABONO DE LA PROPUESTA | Z8: CUMPLE | AB8: CUMPLE | AC8: CUMMPLE | AD8: CUMPLE | AF8: CUMPLE | AH8: CUMPLE | AI8: CUMPLE | AJ8: CUMPLE | AL8: CUMPLE | AO8: CUMPLE | AP8: CUMPLE | AQ8: CUMPLE | AS8: NO CUMPLE. no se adjuntó copia de la tarjeta profesional y del certificado de la vigencia de matrícula profesional expedida por el COPNIA o Consejo Profesional de Ingeniería de Transportes y Vías de Colombia en la respectiva rama de la ingeniería, según corresponda, vigente a la fecha de cierre del Proceso de Contratación, del ingeniero que avala la propuesta, conforme lo señalado en el numeral 2.1 del capítulo II del pliego. | AU8: CUMPLE | AW8: NO CUMPLE. El certificado de la vigencia de matrícula profesional, del ingeniero que avala la propuesta, expedido por el COPNIA es del 04 de septiembre de 2024, se debe actualizar. De conformidad con lo establecido en el numeral 2.1 del capítulo II del Pliego | AY8: CUMPLE | BB8: CUMPLE | BD8: CUMPLE | BF8: CUMPLE | BI8: CUMPLE | BK8: NO CUMPLE. No fue posible verificar la información contenida en la carta puesto que no se aportaron los Certificado de Existencia y Representación Legal de los miembros del consorcio. No se incluyó la distribución accionaria de JJAB SAS. Se incluyó la composición accionaria de "SAVAD INGENIERIA SAS", que no hace parte del consorcio | BN8: CUMPLE | BO8: CUMPLE
A9: 2 | B9: Pacto de transparencia ANEXO 4 | D9: CUMPLE | G9: CUMPLE | H9: CUMPLE | I9: CUMPLE | K9: CUMPLE | M9: CUMPLE | O9: NO APORTA | P9: CUMPLE | Q9: NO APORTA | S9: CUMPLE | T9: CUMPLE | U9: NO APORTA | W9: CUMPLE | X9: CUMPLE | Z9: CUMPLE | AB9: CUMPLE | AC9: CUMMPLE | AD9: CUMPLE | AF9: CUMPLE | AH9: CUMPLE | AI9: NO APORTA | AJ9: CUMPLE | AL9: CUMPLE | AO9: CUMPLE | AP9: CUMPLE | AQ9: CUMPLE | AS9: CUMPLE | AU9: CUMPLE | AW9: CUMPLE | AY9: CUMPLE | BB9: CUMPLE | BD9: CUMPLE | BF9: CUMPLE | BI9: CUMPLE | BK9: CUMPLE | BN9: CUMPLE | BO9: CUMPLE
A10: 3 | B10: Apoderados | D10: N/A | E10: N/A | F10: N/A | G10: N/A | H10: N/A | I10: N/A | J10: N/A | K10: N/A | M10: N/A | O10: N/A | P10: N/A | Q10: N/A | R10: N/A | S10: N/A | T10: N/A | U10: N/A | V10: N/A | W10: N/A | X10: N/A | Y10: N/A | Z10: N/A | AA10: N/A | AB10: N/A | AC10: N/A | AD10: N/A | AF10: N/A | AG10: N/A | AH10: N/A | AI10: N/A | AJ10: N/A | AK10: N/A | AL10: N/A | AM10: N/A | AN10: N/A | AO10: N/A | AP10: N/A | AQ10: N/A | AR10: N/A | AS10: N/A | AT10: N/A | AU10: N/A | AV10: N/A | AW10: N/A | AX10: N/A | AY10: N/A | AZ10: N/A | BA10: N/A | BB10: N/A | BC10: N/A | BD10: N/A | BE10: N/A | BF10: N/A | BG10: N/A | BH10: N/A | BI10: N/A | BJ10: N/A | BK10: N/A | BL10: N/A | BN10: N/A | BO10: N/A | BP10: N/A
A11: 4 | B11: Certificado de Existencia y Representación Legal | D11: CUMPLE | E11: CUMPLE | F11: CUMPLE | G11: CUMPLE | H11: CUMPLE | I11: CUMPLE | J11: CUMPLE | K11: CUMPLE | L11: CUMPLE | M11: CUMPLE | N11: CUMPLE | O11: CUMPLE | P11: CUMPLE | Q11: CUMPLE | R11: CUMPLE | S11: CUMPLE | T11: NO CUMPLE - NO APORTA DOCUMENTO | U11: CUMPLE | V11: CUMPLE | W11: NO APORTA | X11: CUMPLE | Y11: CUMPLE | Z11: CUMPLE | AA11: CUMPLE | AB11: CUMPLE | AC11: CUMPLE | AD11: CUMPLE | AF11: CUMPLE | AG11: NO CUMPLE, NO APORTA CERTIFICADO REQUERIDO | AH11: NO CUMPLE NO APORTA | AI11: CUMPLE | AJ11: CUMPLE | AK11: CUMPLE | AL11: CUMPLE | AM11: CUMPLE | AN11: CUMPLE | AO11: CUMPLE | AP11: CUMPLE | AQ11: CUMPLE | AR11: CUMPLE | AS11: N/A | AT11: CUMPLE | AU11: CUMPLE | AV11: CUMPLE | AW11: CUMPLE | AX11: CUMPLE | AY11: CUMPLE | AZ11: CUMPLE | BA11: CUMPLE | BB11: CUMPLE | BC11: CUMPLE | BD11: CUMPLE | BE11: CUMPLE | BF11: CUMPLE | BG11: CUMPLE | BH11: CUMPLE | BI11: CUMPLE | BJ11: CUMPLE | BK11: NO CUMPLE, no se aportó | BL11: NO CUMPLE, no se aportó | BM11: CUMPLE | BN11: CUMPLE | BO11: CUMPLE | BP11: CUMPLE
A12: 5 | B12: Certificado de inscripción en el registro único de proponentes-RUP | D12: NO CUMPLE, no se evidencia la renovación del RUP dentro del termino legal establecido en el artículo 2.2.1.1.1.5.1. del Decreto 1082 de 2015. | E12: CUMPLE | F12: NO CUMPLE, no se evidencia la renovación del RUP dentro del termino legal establecido en el artículo 2.2.1.1.1.5.1. del Decreto 1082 de 2015. | G12: CUMPLE | H12: CUMPLE | I12: NO CUMPLE, EL CERTIFICADO DE EXISTENCIA Y REPRESENTACIÓN LEGAL NO EVIDENCIA FALCUTADES DE CONTRATACIÓN PARA EL GERENTE QUIEN SUSCRIBIR CONTRATOS, POR EL CONTRARIO SOLICITA LA AUTORIZACIÓN DE LA ASAMBLEA GENERAL DE ACCIONISTAS | J12: CUMPLE | K12: NO CUMPLE, EL CERTIFICADO DE EXISTENCIA Y REPRESENTACIÓN LEGAL NO EVIDENCIA FALCUTADES DE CONTRATACIÓN PARA EL GERENTE QUIEN SUSCRIBIR CONTRATOS, POR EL CONTRARIO SOLICITA LA AUTORIZACIÓN DE LA ASAMBLEA GENERAL DE ACCIONISTAS | L12: CUMPLE | M12: CUMPLE | N12: CUMPLE | O12: NO CUMPLE, no se evidencia la renovación del RUP dentro del termino legal establecido en el artículo 2.2.1.1.1.5.1. del Decreto 1082 de 2015. | P12: NO CUMPLE, no se evidencia la renovación del RUP dentro del termino legal establecido en el artículo 2.2.1.1.1.5.1. del Decreto 1082 de 2015. | Q12: CUMPLE | R12: NO CUMPLE, no se evidencia la renovación del RUP dentro del termino legal establecido en el artículo 2.2.1.1.1.5.1. del Decreto 1082 de 2015. | S12: NO CUMPLE, no se evidencia la renovación del RUP dentro del termino legal establecido en el artículo 2.2.1.1.1.5.1. del Decreto 1082 de 2015. | T12: NO CUMPLE, no se evidencia la renovación del RUP dentro del termino legal establecido en el artículo 2.2.1.1.1.5.1. del Decreto 1082 de 2015. | U12: NO CUMPLE, no se evidencia la renovación del RUP dentro del termino legal establecido en el artículo 2.2.1.1.1.5.1. del Decreto 1082 de 2015. | V12: NO CUMPLE, no se evidencia la renovación del RUP dentro del termino legal establecido en el artículo 2.2.1.1.1.5.1. del Decreto 1082 de 2015. | W12: CUMPLE | X12: CUMPLE | Y12: CUMPLE | Z12: CUMPLE | AA12: NO CUMPLE, no se evidencia la renovación del RUP dentro del termino legal establecido en el artículo 2.2.1.1.1.5.1. del Decreto 1082 de 2015. | AB12: NO CUMPLE, no se evidencia la renovación del RUP dentro del termino legal establecido en el artículo 2.2.1.1.1.5.1. del Decreto 1082 de 2015. | AC12: CUMPLE | AD12: CUMPLE | AF12: CUMPLE | AG12: NO CUMPLE, NO APORTA CERTIFICADO REQUERIDO | AH12: NO CUMPLE, no se evidencia la renovación del RUP dentro del termino legal establecido en el artículo 2.2.1.1.1.5.1. del Decreto 1082 de 2015. | AI12: NO CUMPLE, no se evidencia la renovación del RUP dentro del termino legal establecido en el artículo 2.2.1.1.1.5.1. del Decreto 1082 de 2015. | AJ12: CUMPLE | AK12: CUMPLE | AL12: NO CUMPLE, no se evidencia la renovación del RUP dentro del termino legal establecido en el artículo 2.2.1.1.1.5.1. del Decreto 1082 de 2015. | AM12: CUMPLE | AN12: NO CUMPLE, no se evidencia la renovación del RUP dentro del termino legal establecido en el artículo 2.2.1.1.1.5.1. del Decreto 1082 de 2015. | AO12: CUMPLE | AP12: NO CUMPLE, no se evidencia la presentación de la información para la renovación del RUP dentro del termino legal establecido en el artículo 2.2.1.1.1.5.1. del Decreto 1082 de 2015. | AQ12: NO CUMPLE, no se evidencia la presentación de la información para la renovación del RUP dentro del termino legal establecido en el artículo 2.2.1.1.1.5.1. del Decreto 1082 de 2015. | AR12: NO CUMPLE, no se evidencia la presentación de la información para la renovación del RUP dentro del termino legal establecido en el artículo 2.2.1.1.1.5.1. del Decreto 1082 de 2015. | AS12: NO CUMPLE, no se evidencia la presentación de la información para la renovación del RUP dentro del termino legal establecido en el artículo 2.2.1.1.1.5.1. del Decreto 1082 de 2015. | AT12: CUMPLE | AU12: CUMPLE | AV12: CUMPLE | AW12: NO CUMPLE, no se evidencia la presentación de la información para la renovación del RUP dentro del termino legal establecido en el artículo 2.2.1.1.1.5.1. del Decreto 1082 de 2015. | AX12: NO CUMPLE, no se evidencia la presentación de la información para la renovación del RUP dentro del termino legal establecido en el artículo 2.2.1.1.1.5.1. del Decreto 1082 de 2015. | AY12: CUMPLE | AZ12: NO CUMPLE, no se evidencia la presentación de la información para la renovación del RUP dentro del termino legal establecido en el artículo 2.2.1.1.1.5.1. del Decreto 1082 de 2015. | BA12: CUMPLE | BB12: NO CUMPLE, no se evidencia la presetnación de la información para la renovación del RUP dentro del termino legal establecido en el artículo 2.2.1.1.1.5.1. del Decreto 1082 de 2015. | BC12: NO CUMPLE, no se evidencia la presetnación de la información para la renovación del RUP dentro del termino legal establecido en el artículo 2.2.1.1.1.5.1. del Decreto 1082 de 2015. | BD12: NO CUMPLE, no se evidencia la presetnación de la información para la renovación del RUP dentro del termino legal establecido en el artículo 2.2.1.1.1.5.1. del Decreto 1082 de 2015. | BE12: CUMPLE | BF12: CUMPLE | BG12: NO CUMPLE, no se evidencia la presentación de la información para la renovación del RUP dentro del termino legal establecido en el artículo 2.2.1.1.1.5.1. del Decreto 1082 de 2015. | BH12: NO CUMPLE, no se evidencia la presentación de la información para la renovación del RUP dentro del termino legal establecido en el artículo 2.2.1.1.1.5.1. del Decreto 1082 de 2015. | BI12: NO CUMPLE, no se evidencia la presentación de la información para la renovación del RUP dentro del término legal establecido en el artículo 2.2.1.1.1.5.1. del Decreto 1082 de 2015. | BJ12: NO CUMPLE, no se evidencia la presentación de la información para la renovación del RUP dentro del término legal establecido en el artículo 2.2.1.1.1.5.1. del Decreto 1082 de 2015. | BK12: NO CUMPLE, no se evidencia la presentación de la información para la renovación del RUP dentro del termino legal establecido en el artículo 2.2.1.1.1.5.1. del Decreto 1082 de 2015. | BL12: CUMPLE | BM12: NO CUMPLE, no se evidencia la presentación de la información para la renovación del RUP dentro del termino legal establecido en el artículo 2.2.1.1.1.5.1. del Decreto 1082 de 2015. | BN12: CUMPLE | BO12: NO CUMPLE, no se evidencia la presentación de la información para la renovación del RUP dentro del termino legal establecido en el artículo 2.2.1.1.1.5.1. del Decreto 1082 de 2015. | BP12: NO CUMPLE, no se evidencia la presentación de la información para la renovación del RUP dentro del termino legal establecido en el artículo 2.2.1.1.1.5.1. del Decreto 1082 de 2015.
A13: 6 | B13: Documento de constitución de consorcios o uniones temporales FORMATO 2 | D13: CUMPLE | G13: N/A | H13: N/A | I13: CUMPLE | K13: CUMPLE | M13: CUMPLE | O13: N/A | P13: N/A | Q13: CUMPLE | S13: N/A | T13: N/A | U13: CUMPLE | W13: N/A | X13: CUMPLE | Z13: CUMPLE | AB13: N/A | AC13: N/A | AD13: N/A | AF13: CUMPLE | AH13: N/A | AI13: N/A | AJ13: CUMPLE | AL13: CUMPLE | AO13: N/A | AP13: N/A | AQ13: CUMPLE | AS13: CUMPLE | AU13: CUMPLE | AW13: CUMPLE | AY13: CUMPLE | BB13: CUMPLE | BD13: CUMPLE | BF13: CUMPLE | BI13: CUMPLE | BK13: NO CUMPLE. El nombre de la entidad, la dirección, el número del proceso y el objeto del proceso no corresponden al presente proceso de selección | BN13: N/A | BO13: CUMPLE
A14: 7 | B14: Autorización de la junta o asamblea de socios para proponer y contratar | D14: N/A | E14: N/A | F14: N/A | G14: N/A | H14: N/A | I14: N/A | K14: N/A | M14: N/A | O14: N/A | P14: N/A | Q14: N/A | R14: N/A | S14: N/A | T14: N/A | U14: N/A | V14: N/A | W14: N/A | X14: N/A | Y14: N/A | Z14: N/A | AA14: N/A | AB14: N/A | AC14: CUMPLE | AD14: N/A | AF14: N/A | AG14: N/A | AH14: N/A | AI14: N/A | AJ14: N/A | AK14: N/A | AL14: N/A | AM14: N/A | AN14: N/A | AO14: N/A | AP14: N/A | AQ14: N/A | AR14: N/A | AS14: N/A | AT14: NO CUMPLE. Según la facultad No. 6 del representante legal: "6. Constituir prendas, hipotecas o cualquier otro gravamen que afecte los activos de la compañía, o celebrar actos o contratos de disposición de activos fijos o contraer obligaciones a cargo de la sociedad, hasta por la suma de 50 salarios mínimos legales mensuales vigentes, a menos que esté previamente autorizado por la asamblea de accionistas". El presupuesto del presente proceso desborda la faculad del representante legal, por tanto, debe presentar la respectiva autorización de la asamblea de accionistas | AU14: N/A | AV14: N/A | AW14: N/A | AX14: N/A | AY14: N/A | AZ14: N/A | BA14: N/A | BB14: N/A | BC14: N/A | BD14: N/A | BE14: N/A | BF14: N/A | BG14: N/A | BH14: N/A | BI14: N/A | BJ14: N/A | BK14: NO CUMPLE, No fue posible verificar esta información puesto que no se aportó el Certificado de Existencia y Representación Legal | BL14: NO CUMPLE, No fue posible verificar esta información puesto que no se aportó el Certificado de Existencia y Representación Legal | BM14: N/A | BN14: N/A | BO14: N/A | BP14: N/A
A15: 8 | B15: Certificación de pagos de seguridad social y aportes legales. Formato 6 | D15: CUMPLE | E15: CUMPLE | F15: NO CUMPLE - NO APORTA | G15: CUMPLE | H15: CUMPLE | I15: CUMPLE | J15: NO APORTA | K15: CUMPLE | M15: CUMPLE | N15: NO APORTA | O15: CUMPLE | P15: CUMPLE | Q15: CUMPLE | R15: CUMPLE | S15: CUMPLE | T15: CUMPLE | U15: NO APORTA | V15: CUMPLE | W15: CUMPLE | X15: CUMPLE | Y15: CUMPLE | Z15: CUMPLE | AA15: NO APORTA | AB15: CUMPLE | AC15: CUMPLE | AD15: CUMPLE | AF15: CUMPLE | AG15: NO CUMPLE, NO APORTA CERTIFICADO REQUERIDO | AH15: CUMPLE | AI15: CUMPLE | AJ15: CUMPLE | AK15: NO APORTA - NO CUMPLE | AL15: CUMPLE | AM15: NO CUMPLE NO APORTA | AN15: NO CUMPLE NO APORTA | AO15: CUMPLE | AP15: CUMPLE | AQ15: CUMPLE | AR15: CUMPLE | AS15: CUMPLE | AT15: CUMPLE | AU15: CUMPLE | AV15: CUMPLE | AW15: CUMPLE | AX15: CUMPLE | AY15: CUMPLE | AZ15: CUMPLE | BA15: CUMPLE | BB15: CUMPLE | BC15: CUMPLE | BD15: CUMPLE | BE15: CUMPLE | BF15: CUMPLE | BG15: CUMPLE | BH15: CUMPLE | BI15: CUMPLE | BJ15: CUMPLE | BK15: NO CUMPLE. Se aportó, pero no se pudo verificar su contenido (representante legal y revisor fiscal) teniendo en cuenta que no se aportó el Certificado de Existencia y Representación Legal. Tiene fecha de expedición del 19 de dic, posterior al cierre del proceso | BL15: NO CUMPLE. No se aportó | BM15: NO CUMPLE. No se aportó | BN15: CUMPLE | BO15: CUMPLE | BP15: CUMPLE
A16: 9 | B16: Garantía de Seriedad de la Oferta | D16: CUMPLE | G16: CUMPLE | H16: CUMPLE | I16: CUMPLE | K16: CUMPLE | M16: CUMPLE | O16: CUMPLE | P16: CUMPLE | Q16: CUMPLE | S16: CUMPLE | T16: NO CUMPLE GARANTIA SIN FIRMA | U16: CUMPLE | W16: CUMPLE | X16: CUMPLE | Z16: CUMPLE | AB16: CUMPLE | AC16: CUMPLE | AD16: CUMPLE | AF16: CUMPLE | AH16: CUMPLE | AI16: CUMPLE | AJ16: CUMPLE | AL16: CUMPLE | AO16: CUMPLE | AP16: CUMPLE | AQ16: CUMPLE | AS16: CUMPLE | AU16: NO CUMPLE (NO RELACIONA LOS LOTES) | AW16: NO CUMPLE (NO RELACIONA LOS LOTES) | AY16: CUMPLE | BB16: CUMPLE | BD16: CUMPLE | BF16: CUMPLE | BI16: NO CUMPLE. Como beneficiario/asegurado de la póliza solo se menciona a la Gobernación de Cundinamarca no se incluyó a la Secretaría de Movilidad Contemporánea, se debe incluir, de conformidad con lo señalado en el numeral 8.1 del capítulo VIII del Pliego | BK16: NO CUMPLE. Los integrantes del consorcio que se relacionan en el formato de constitución del consorcio no corresponden a los referidos en la póliza. En el formato de constitución están: VALDOS 22 SAS (78%), JJAB SAS (20%) y OSWALDO GUTIÉRREZ CHARRY (02%). En la póliza están: SAVAD INGENIERIA S.A.S. (10%) y VALDOS 22 S.A.S (90%) | BN16: CUMPLE | BO16: CUMPLE
A17: 10 | B17: Certificación sobre antecedentes disciplinarios - Procuraduría -Verificado por la entidad | D17: CUMPLE | G17: CUMPLE | H17: CUMPLE | I17: CUMPLE | K17: CUMPLE | M17: CUMPLE | O17: NO APORTA | P17: CUMPLE | Q17: CUMPLE | S17: CUMPLE | T17: CUMPLE | U17: CUMPLE | W17: NO APORTA | X17: CUMPLE | Y17: CUMPLE | Z17: CUMPLE | AA17: CUMPLE | AB17: CUMPLE | AC17: CUMPLE | AD17: CUMPLE | AF17: CUMPLE | AG17: CUMPLE | AH17: CUMPLE | AI17: CUMPLE | AJ17: CUMPLE | AK17: CUMPLE | AL17: CUMPLE | AN17: CUMPLE | AO17: CUMPLE | AP17: CUMPLE | AQ17: CUMPLE | AR17: CUMPLE | AS17: CUMPLE | AU17: CUMPLE | AW17: CUMPLE | AY17: CUMPLE | AZ17: CUMPLE | BA17: CUMPLE | BB17: CUMPLE | BC17: CUMPLE | BD17: CUMPLE | BE17: CUMPLE | BF17: CUMPLE | BG17: CUMPLE | BH17: CUMPLE | BI17: CUMPLE | BJ17: CUMPLE | BK17: CUMPLE | BL17: CUMPLE | BM17: CUMPLE | BN17: CUMPLE | BO17: CUMPLE | BP17: CUMPLE
A18: 11 | B18: Certificación sobre antecedentes de Responsabilidad Fiscal - Contraloría - Verificado por la entidad | D18: CUMPLE | G18: CUMPLE | H18: CUMPLE | I18: CUMPLE | K18: CUMPLE | M18: CUMPLE | O18: NO APORTA | P18: CUMPLE | Q18: CUMPLE | S18: CUMPLE | T18: CUMPLE | U18: CUMPLE | W18: NO APORTA | X18: CUMPLE | Y18: CUMPLE | Z18: CUMPLE | AA18: CUMPLE | AB18: CUMPLE | AC18: CUMPLE | AD18: CUMPLE | AF18: CUMPLE | AG18: CUMPLE | AH18: CUMPLE | AI18: CUMPLE | AJ18: CUMPLE | AK18: CUMPLE | AL18: CUMPLE | AN18: CUMPLE | AO18: CUMPLE | AP18: CUMPLE | AQ18: CUMPLE | AR18: CUMPLE | AS18: CUMPLE | AU18: CUMPLE | AW18: CUMPLE | AY18: CUMPLE | AZ18: CUMPLE | BA18: CUMPLE | BB18: CUMPLE | BC18: CUMPLE | BD18: CUMPLE | BE18: CUMPLE | BF18: CUMPLE | BG18: CUMPLE | BH18: CUMPLE | BI18: CUMPLE | BJ18: CUMPLE | BK18: CUMPLE | BL18: CUMPLE | BM18: CUMPLE | BN18: CUMPLE | BO18: CUMPLE | BP18: CUMPLE
A19: 12 | B19: Certificación sobre antecedentes judiciales. Ponal - Verificado por la entidad | D19: CUMPLE | G19: CUMPLE | H19: CUMPLE | I19: CUMPLE | K19: CUMPLE | M19: CUMPLE | O19: NO APORTA | P19: CUMPLE | Q19: CUMPLE | S19: CUMPLE | T19: CUMPLE | U19: CUMPLE | W19: NO APORTA | X19: CUMPLE | Y19: CUMPLE | Z19: CUMPLE | AA19: CUMPLE | AB19: CUMPLE | AC19: CUMPLE | AD19: CUMPLE | AF19: CUMPLE | AG19: CUMPLE | AH19: CUMPLE | AI19: CUMPLE | AJ19: CUMPLE | AK19: CUMPLE | AL19: CUMPLE | AN19: CUMPLE | AO19: CUMPLE | AP19: CUMPLE | AQ19: CUMPLE | AR19: CUMPLE | AS19: CUMPLE | AU19: CUMPLE | AW19: CUMPLE | AY19: CUMPLE | AZ19: CUMPLE | BA19: CUMPLE | BB19: CUMPLE | BC19: CUMPLE | BD19: CUMPLE | BE19: CUMPLE | BF19: CUMPLE | BG19: CUMPLE | BH19: CUMPLE | BI19: CUMPLE | BJ19: CUMPLE | BK19: CUMPLE | BL19: CUMPLE | BM19: CUMPLE | BN19: CUMPLE | BO19: CUMPLE | BP19: CUMPLE
A20: 13 | B20: Certificado de registro nacional de medidas correctivas RNMC - Verificado por la entidad | D20: CUMPLE | G20: CUMPLE | H20: CUMPLE | I20: CUMPLE | K20: CUMPLE | M20: CUMPLE | O20: NO APORTA | P20: CUMPLE | Q20: CUMPLE | S20: CUMPLE | T20: CUMPLE | U20: CUMPLE | W20: NO APORTA | X20: CUMPLE | Y20: CUMPLE | Z20: CUMPLE | AA20: CUMPLE | AB20: CUMPLE | AC20: CUMPLE | AD20: CUMPLE | AF20: CUMPLE | AG20: CUMPLE | AH20: CUMPLE | AI20: CUMPLE | AJ20: CUMPLE | AK20: CUMPLE | AL20: CUMPLE | AN20: CUMPLE | AO20: CUMPLE | AP20: CUMPLE | AQ20: CUMPLE | AR20: CUMPLE | AS20: CUMPLE | AU20: CUMPLE | AW20: CUMPLE | AY20: CUMPLE | AZ20: CUMPLE | BA20: CUMPLE | BB20: CUMPLE | BC20: CUMPLE | BD20: CUMPLE | BE20: CUMPLE | BF20: CUMPLE | BG20: CUMPLE | BH20: CUMPLE | BI20: CUMPLE | BJ20: CUMPLE | BK20: CUMPLE | BL20: CUMPLE | BM20: CUMPLE | BN20: CUMPLE | BO20: CUMPLE | BP20: CUMPLE
A21: 14 | B21: Cedula de ciudadanía del proponente | D21: CUMPLE | G21: CUMPLE | H21: CUMPLE | I21: CUMPLE | K21: CUMPLE | M21: CUMPLE | O21: CUMPLE | P21: CUMPLE | Q21: CUMPLE | S21: CUMPLE | T21: CUMPLE | U21: CUMPLE | W21: NO APORTA | X21: CUMPLE | Y21: CUMPLE | Z21: CUMPLE | AA21: CUMPLE | AB21: CUMPLE | AC21: CUMPLE | AD21: CUMPLE | AF21: CUMPLE | AG21: CUMPLE | AH21: CUMPLE | AI21: CUMPLE | AJ21: CUMPLE | AK21: CUMPLE | AL21: CUMPLE | AN21: CUMPLE | AO21: CUMPLE | AP21: CUMPLE | AQ21: CUMPLE | AR21: CUMPLE | AS21: CUMPLE | AU21: CUMPLE | AW21: CUMPLE | AY21: CUMPLE | AZ21: CUMPLE | BA21: CUMPLE | BB21: CUMPLE | BC21: CUMPLE | BD21: CUMPLE | BE21: CUMPLE | BF21: CUMPLE | BG21: CUMPLE | BH21: CUMPLE | BI21: CUMPLE | BJ21: CUMPLE | BK21: CUMPLE | BL21: CUMPLE | BM21: CUMPLE | BN21: CUMPLE | BO21: CUMPLE | BP21: CUMPLE
A22: 15 | B22: REDAM - CERTIFICADO DE DEUDORES MOROSOS | D22: NO CUMPLE, NO APORTA CERTIFICADO REQUERIDO | E22: NO CUMPLE, NO APORTA CERTIFICADO REQUERIDO | F22: NO CUMPLE, NO APORTA CERTIFICADO REQUERIDO | G22: CUMPLE | H22: CUMPLE | I22: CUMPLE | K22: CUMPLE | M22: CUMPLE | O22: NO APORTA | P22: CUMPLE | Q22: CUMPLE | S22: CUMPLE | T22: CUMPLE | U22: CUMPLE | W22: NO APORTA | X22: CUMPLE | Y22: CUMPLE | Z22: NO APORTA | AA22: NO APORTA | AB22: CUMPLE | AC22: CUMPLE | AD22: CUMPLE | AF22: CUMPLE | AG22: CUMPLE | AH22: CUMPLE | AI22: CUMPLE | AJ22: NO APORTA NO CUMPLE | AK22: NO APORTA - NO CUMPLE | AL22: NO CUMPLE NO APORTA | AM22: NO CUMPLE NO APORTA | AN22: NO CUMPLE NO APORTA | AO22: CUMPLE | AP22: CUMPLE | AQ22: NO CUMPLE, NO APORTA CERTIFICADO REQUERIDO | AR22: NO CUMPLE, NO APORTA CERTIFICADO REQUERIDO | AS22: NO CUMPLE, NO APORTA CERTIFICADO REQUERIDO | AU22: CUMPLE | AV22: CUMPLE | AW22: CUMPLE | AX22: CUMPLE | AY22: CUMPLE | AZ22: CUMPLE | BA22: CUMPLE | BB22: CUMPLE | BC22: CUMPLE | BD22: CUMPLE | BE22: CUMPLE | BF22: NO CUMPLE. No se apotó el certificado correspondiente | BG22: NO CUMPLE. No se apotó el certificado correspondiente | BH22: NO CUMPLE. No se apotó el certificado correspondiente | BI22: CUMPLE | BJ22: NO CUMPLE. No se aportó el certificado del respresentante legal de CELQO S.A.S (Carlos E. Escobar) | BK22: CUMPLE | BL22: NO CUMPLE, no se aporta el certificado correspondiente | BM22: NO CUMPLE, no se aporta el certificado correspondiente | BN22: CUMPLE | BO22: CUMPLE | BP22: CUMPLE
A23: 16 | B23: CERTIFICADO DE INHABILIDADES E INCOMPATIBILIDADES | D23: CUMPLE | G23: NO CUMPLE, NO APORTA CERTIFICADO REQUERIDO | H23: CUMPLE | I23: CUMPLE | K23: CUMPLE | M23: CUMPLE | O23: NO APORTA | P23: NO APORTA | Q23: NO APORTA | S23: NO APORTA | T23: NO APORTA DOCUMENTO | U23: NO APORTA | W23: NO APORTA | X23: CUMPLE | Y23: CUMPLE | Z23: NO APORTA | AA23: NO APORTA | AB23: CUMPLE | AC23: NO CUMPLE | AD23: NO APORTA | AF23: NO CUMPLE, NO APORTA CERTIFICADO REQUERIDO | AG23: NO CUMPLE, NO APORTA CERTIFICADO REQUERIDO | AH23: CUMPLE | AI23: NO CUMPLE (No se aportó) | AJ23: NO APORTA NO CUMPLE | AK23: NO APORTA NO CUMPLE | AL23: NO CUMPLE NO APORTA | AM23: NO CUMPLE NO APORTA | AN23: NO CUMPLE NO APORTA | AO23: NO APORTA NO CUMPLE | AP23: CUMPLE | AQ23: NO CUMPLE, NO APORTA CERTIFICADO REQUERIDO | AR23: NO CUMPLE, NO APORTA CERTIFICADO REQUERIDO | AS23: CUMPLE | AU23: NO CUMPLE - NO APORTA DOCUMENTO | AW23: CUMPLE | AX23: CUMPLE | AY23: NO CUMPLE, NO APORTA CERTIFICADO REQUERIDO | AZ23: NO CUMPLE, NO APORTA CERTIFICADO REQUERIDO | BA23: NO CUMPLE, NO APORTA CERTIFICADO REQUERIDO | BB23: NO CUMPLE, NO APORTA CERTIFICADO REQUERIDO | BC23: NO CUMPLE, NO APORTA CERTIFICADO REQUERIDO | BD23: NO CUMPLE, NO APORTA CERTIFICADO REQUERIDO | BE23: NO CUMPLE, NO APORTA CERTIFICADO REQUERIDO | BF23: NO CUMPLE. No se apotó el certificado correspondiente | BG23: NO CUMPLE. No se apotó el certificado correspondiente | BH23: NO CUMPLE. No se apotó el certificado correspondiente | BI23: NO CUMPLE. No se aportó el certificado correspondiente | BJ23: NO CUMPLE. No se aportó el certificado correspondiente | BK23: NO CUMPLE, no se aporta el certificado correspondiente | BL23: NO CUMPLE, no se aporta el certificado correspondiente | BM23: NO CUMPLE, no se aporta el certificado correspondiente | BN23: NO CUMPLE, no se aporta el cerdtificado correspondiente | BO23: CUMPLE | BP23: CUMPLE
A25: PROPONENTE | C25: HABILITADO/INHABILITADO | F25: NOTA: Los proponentes deben enviar la respuesta a las observaciones contenidas en este documento, en el término del traslado del informe de evaluación, según el cronograma del proceso, so pena de rechazo de la propuesta de conformidad con lo señalado en el artículo 5 de la Ley 1882 de 2018
A26: 1 | B26: =+D6 -> CONSORCIO INTERSEGURIDAD VIAL | C26: NO HABILITADO
A27: 2 | B27: =G6 -> GRUPO METRO COLOMBIA SAS | C27: NO HABILITADO
A28: 3 | B28: INGENIEROS CIVILES ESPECIALISTAS S.A.S | C28: HABILITADO
A29: 4 | B29: =I6 -> CONSORCIO INTERSEÑALIZACION GAB, | C29: NOHABILITADO
A30: 5 | B30: =K6 -> CONSORCIO INTERVIAL STM | C30: NO HABILITADO
A31: 6 | B31: =M6 -> CONSORCIO INTER SEÑALES G&G | C31: NO HABILITADO
A32: 7 | B32: =O6 -> ALIANZA INTEGRAL DE PROYECTOS SAS BIC | C32: NO HABILITADO
A33: 8 | B33: =P6 -> EMPROCIV SAS | C33: NO HABILITADO
A34: 9 | B34: =Q6 -> CONSORCIO SEGURIDAD VIAL CUNDINAMARCA | C34: NO HABILITADO
A35: 10 | B35: =S6 -> ING INGENIERIA SAS | C35: NO HABILITADO
A36: 11 | B36: =T6 -> NSP DE COLOMBIA SAS | C36: NO HABILITADO
A37: 12 | B37: =U6 -> CONSORCIO SMA INFRAESTRUCTURA | C37: NO HABILITADO
A38: 13 | B38: =W6 -> JASEN CONSULTORES S.A.S. | C38: NO HABILITADO
A39: 14 | B39: =X6 -> CONSORCIO CIMA ACTING | C39: HABILITADO
A40: 15 | B40: =Z6 -> CONSORCIO SEGURIDAD VIAL SB | C40: NO HABILITADO
A41: 16 | B41: =AB6 -> CONSORCIO SEGURIVIAL SM INGENIEROS CONSTRUCTORES Y ASESORES SAS | C41: NO HABILITADO
A42: 17 | B42: =AC6 -> CONSORCIO ESENDA | C42: NO HABILITADO
A43: 18 | B43: =+AD6 -> PROYECTOS TECNICOS DE COLOMBIA S.A.S | C43: NO HABILITADO
A44: 19 | B44: =AF6 -> CONSORCIO ARQUÍMEDE | C44: NO HABILITADO
A45: 20 | B45: =AH6 -> GERMÁN RAMÍREZ BARBOSA | C45: NO HABILITADO
A46: 21 | B46: =AI6 -> COBA B&C S.A.S | C46: NO HABILITADO
A47: 22 | B47: =AJ6 -> CONSORCIO ECO INFRAESTRUCTURA | C47: NO HABILITADO
A48: 23 | B48: =AL6 -> CONSORCIO OBRAS URBANAS | C48: NO HABILITADO
A49: 24 | B49: =AL6 -> CONSORCIO OBRAS URBANAS | C49: NO HABILITADO
A50: 25 | B50: =AO6 -> PROYECTOS CONSTRUCCIONES CIVILES Y VIALES S.A.S - PIV INGENIERÍA S.A.S. | C50: NO HABILITADO
A51: 26 | B51: =AQ6 -> CONSORCIO ALMA - INTERNOVAC | C51: NO HABILITADO
A52: 27 | B52: =AS6 -> CONSORCIO CIVILPROJECT II | C52: NO HABILITADO
A53: 28 | B53: =AU6 -> CONSORCIO CONSTRUGAVI 293 | C53: NO HABILITADO
A54: 29 | B54: =AW6 -> CONSORCIO SEGVIAL CUNDINAMARCA | C54: NO HABILITADO
A55: 30 | B55: =AY6 -> CONSORCIO VIAL 2024. | C55: NO HABILITADO
A56: 31 | B56: =BB6 -> CONSORCIO INTERVENTOR 25 | C56: NO HABILITADO
A57: 32 | B57: =BD6 -> CONSORCIO INCOPLAN - JCS | C57: NO HABILITADO
A58: 33 | B58: =BF6 -> CONSORCIO INT SEGURIDAD VIAL. | C58: NO HABILITADO
A59: 34 | B59: =BI6 -> INTERVENTORIA MOVIL | C59: NO HABILITADO
A60: 35 | B60: =BK6 -> CONSORCIO INTERVAL2 | C60: NO HABILITADO
A61: 36 | B61: =BN6 -> VELNEC S.A. | C61: NO HABILITADO
A62: 37 | B62: =BO6 -> UNION TEMPORAL LOS TREBOLES | C62: NO HABILITADO

Sheet Verificación FIN 1-20
F1: PROCESO | G1: STM - CM-293-2024 | H1: valor del Presupuesto | I1: 1651573120 | J1: PLAZO | K1: 11 MESES
A2: OBJETO | B2: REALIZAR LA GERENCIA INTEGRAL PARA LA INTERVENTORÍA TÉCNICA, ADMINISTRATIVA, FINANCIERA, OPERATIVA, JURÍDICA, AMBIENTAL Y SOCIAL AL CONTRATO CUYO OBJETO ES: IMPLEMENTAR INTERVENCIONES EN INFRAESTRUCTURA VIAL PARA MEJORAR LAS CONDICIONES DE SEGURIDAD VIAL Y MITIGAR RIESGOS EN PUNTOS CRÍTICOS PRIORIZADOS A CARGO DEL DEPARTAMENTO DE CUNDINAMARCA
A4: RESUMEN INFORMACIÓN FINANCIERA DE LOS PROPONENTES CONTENIDA EN EL RUP
A6: No. | B6: NOMBRE O RAZÓN SOCIAL | C6: CC o NIT | D6: % de Participación | E6: Activo Cte. | F6: Activo Total | G6: Pasivo Cte. | H6: Pasivo Total | I6: Patrimonio | J6: Utilidad Operac. | K6: Gasto Intereses
A8: 2 | B8: GRUPO METRO COLOMBIA SAS | D8: 1 | E8: 5266255849 | F8: 5275128729 | G8: 245055777 | H8: 245055777 | I8: 5030072952 | J8: 1212001733 | K8: 85991
A10: 3 | B10: INGENIEROS CIVILES ESPECIALISTAS S.A.S. | D10: 1 | E10: 5068548200 | F10: 5884057894 | G10: 655509102 | H10: 1099502678 | I10: 4784555216 | J10: 1337339329 | K10: 76498754
A12: 7 | B12: ALIANZA INTEGRAL DE PROYECTOS SAS BIC | D12: 1 | E12: 1322228572 | F12: 1397347204 | G12: 340295728 | H12: 340295728 | I12: 1057051476 | J12: 137789976 | K12: 0
A14: 8 | B14: EMPROCIV SAS | D14: 1 | E14: 2181519837 | F14: 4888785917 | G14: 674832507 | H14: 3102078617 | I14: 1786707300 | J14: 197472255 | K14: 41308146
A16: 10 | B16: ING INGENIERIA SAS | D16: 1 | E16: 7820788987 | F16: 9522773343 | G16: 1530732491 | H16: 6167156515 | I16: 3355616828 | J16: 1507592252 | K16: 0
A18: 9 | B18: CONSORCIO SEGURIDAD VIAL CUNDINAMARCA
B19: CB INGENIERIA Y DESARROLLO S.A.S BIC | D19: 0.8 | E19: 828190092 | F19: 828190092 | G19: 13792283 | H19: 13792283 | I19: 814397809 | J19: -15602191 | K19: 0
B20: CB INGENIEROS SAS | D20: 0.2 | E20: 2975796585 | F20: 5455402222 | G20: 698102046 | H20: 2414521738 | I20: 3040880484 | J20: 1164691874 | K20: 47225029
A22: 13 | B22: JASEN CONSULTORES SAS | D22: 1 | E22: 3550706961 | F22: 4008785304 | G22: 704004732 | H22: 1159919303 | I22: 2848866001 | J22: 258516407 | K22: 29253033
A24: 17
B26: CONSORCIO ESENDA
B27: ESTRUCTURADOR COLOMBIA SAS | D27: 0.5 | E27: 6623262526 | F27: 6919761203 | G27: 3069657727 | H27: 3069657727 | I27: 3850103476 | J27: 643311958 | K27: 12678061
B28: ECOSENDA SAS | D28: 0.5 | E28: 165853056 | F28: 165853056 | G28: 33435538 | H28: 33435538 | I28: 132417518 | J28: 61553181 | K28: 0
A30: 16 | B30: INGENIEROS CONSTRUCTORES Y ASESORES SAS | D30: 1 | E30: 7097414473 | F30: 9045018085 | G30: 1100976967 | H30: 2522901800 | I30: 6522116285 | J30: 1514398544 | K30: 2628496
A32: 18 | B32: PROYECTOS TECNICOS DE COLOMBIA S.A.S. | D32: 1 | E32: 12852333730 | F32: 13045586728 | G32: 1949241128 | H32: 6923807555 | I32: 6121779173 | J32: 1498687008 | K32: 193619982
A34: 20 | B34: GERMAN RAMIREZ BARBOSA | D34: 1 | E34: 3372957000 | F34: 3476543000 | G34: 120321000 | H34: 716220000 | I34: 2760323000 | J34: 86427000 | K34: 21903000
A36: 1 | B36: CONSORCIO INTERSEGURIDAD VIAL
B37: D&B INGENIEROS CIVILES SAS | D37: 0.5 | E37: 6627547641 | F37: 6749147641 | G37: 320783463 | H37: 2872230541 | I37: 3876917100 | J37: 1423871967 | K37: 43040811
B38: INGENIERIA COLOMBIANA PREMIUM SAS | D38: 0.25 | E38: 2172344703 | F38: 2185074103 | G38: 163207311 | H38: 1521539795 | I38: 663534308 | J38: 180240323 | K38: 5411000
B39: CONSULTORES INTERVENTORES COLOMBIANOS SAS | D39: 0.25 | E39: 6814686234 | F39: 11055759512 | G39: 448312818 | H39: 5313398532 | I39: 5742360980 | J39: 1456306887 | K39: 63278605
A41: 5 | B41: CONSORCIO INTERVIAL STM.
B42: INPROTEKTO LIMITADA | D42: 0.5 | E42: 5126393501 | F42: 5241378141 | G42: 2370739969 | H42: 2370739969 | I42: 2870638172 | J42: 211909070 | K42: 5046215
B43: BRAIN INGENIERIA VIAL SAS | D43: 0.5 | E43: 3963660000 | F43: 4891643000 | G43: 454908000 | H43: 1077946000 | I43: 3813697000 | J43: 1756949000 | K43: 21855
A45: 6 | B45: CONSORCIO INTER SEÑALES G&G.
B46: GNG SERVICIOS DE INGENIERÍA S.A.S. | D46: 0.9 | E46: 3747897000 | F46: 3838806000 | G46: 785263000 | H46: 1954028000 | I46: 1884778000 | J46: 454321000 | K46: 0
B47: GNG PROYECTOS S.A.S | D47: 0.1 | E47: 1132625000 | F47: 1201028000 | G47: 105090000 | H47: 121242000 | I47: 1079786000 | J47: 77568000 | K47: 0
A49: 12 | B49: CONSORCIO SMA INFRAESTRUCTURA
B50: SALGADO,MELENDEZ Y ASOCIADOS INGENIEROS CONSULTORRES SAS | D50: 0.75 | E50: 58343427034 | F50: 67125108684 | G50: 34257480952 | H50: 35159720952 | I50: 31965387732 | J50: 9906123229 | K50: 479378488
B51: SALGADO,MELENDEZ INFRAESTRUCTURA SAS | D51: 0.25 | E51: 3946516 | F51: 3946516 | G51: 2389811 | H51: 2389811 | I51: 1556705 | J51: -23432827 | K51: 4145
A53: 14 | B53: CONSORCIO CIMA ACTING
B54: CIMA ENGINEERING S.A.S. | D54: 0.5 | E54: 1764735143 | F54: 1764735143 | G54: 25961987 | H54: 25961987 | I54: 1738773156 | J54: 110371353 | K54: 0
B55: ACTIVIDADES DE INGENIERIA EN INFRAESTRUCTURA S.A.S. - ACTING INFRAESTRUCTURA S.A.S. | D55: 0.5 | E55: 1498546972 | F55: 1498546972 | G55: 826946584 | H55: 1038245011 | I55: 460301961 | J55: 39151123 | K55: 0
A57: 15 | B57: CONSORCIO SEGURIDAD VIAL SB
B58: SERVICIOS DE INGENIERÍA Y CONSTRUCCIÓN S.A.S | D58: 0.9 | E58: 23901997072 | F58: 25367244997 | G58: 6885727741 | H58: 12231798313 | I58: 13135446684 | J58: 1819259038 | K58: 428892
B59: BETMAF S.A.S. | D59: 0.1 | E59: 1140208672 | F59: 1140446604 | G59: 838827969 | H59: 838827969 | I59: 301618635 | J59: 333196519 | K59: 0
A61: 19 | B61: CONSORCIO ARQUÍMEDES
B62: SOLUCIONES PARA LA INGENIERÍA SAS | C62: 830123577 7 | D62: 0.9 | E62: 1248453000 | F62: 1935817000 | G62: 10500000 | H62: 10500000 | I62: 1925317000 | J62: 402798000 | K62: 10520000
B63: INFRAESTRUCTURA INTEGRAL SAS | C63: 900318823 6 | D63: 0.1 | E63: 12302254094 | F63: 17340173183 | G63: 2482952372 | H63: 8892844409 | I63: 8447328774 | J63: 2386822123 | K63: 539040246
A65: 4 | B65: Consorcio INTERSEÑALIZACION GAB.
B66: NGEPLAN.CO INFRAESTRUCTURA S.A.S. | C66: 830051519-1 | D66: 0.5 | E66: 90000000 | F66: 90000000 | G66: 7473530 | H66: 7473530 | I66: 82526470 | J66: 3886877 | K66: 0
B67: GAB INGENIERIA SAS | C67: 900.270.022 - 4 | D67: 0.5 | E67: 3925309728 | F67: 4317063546 | G67: 312351152 | H67: 1815135981 | I67: 2501927565 | J67: 311184820 | K67: 550000
A69: 11 | B69: UMBRELLA INTERNATIONAL S.A.S, | D69: 1 | E69: 5251275692 | F69: 5261183692 | G69: 84108544 | H69: 151375922 | I69: 5109807770 | J69: 539978428 | K69: 95137
B71: MARIA CAROLINA DIAZ GOMEZ | G71: ANDRY HUERTAS
B72: CONTRATISTA - DIRECCION DE SERVICIOS DE LA MOVILIDAD Y SEDES OPERAIAS EN TRANSITO | G72: CONTRATISTA -

Sheet Verificación FIN 21-37
F1: PROCESO | G1: STM - CM-293-2024 | H1: valor del Presupuesto | I1: 1651573120 | J1: PLAZO | K1: 11 MESES
A2: OBJETO | B2: REALIZAR LA GERENCIA INTEGRAL PARA LA INTERVENTORÍA TÉCNICA, ADMINISTRATIVA, FINANCIERA, OPERATIVA, JURÍDICA, AMBIENTAL Y SOCIAL AL CONTRATO CUYO OBJETO ES: IMPLEMENTAR INTERVENCIONES EN INFRAESTRUCTURA VIAL PARA MEJORAR LAS CONDICIONES DE SEGURIDAD VIAL Y MITIGAR RIESGOS EN PUNTOS CRÍTICOS PRIORIZADOS A CARGO DEL DEPARTAMENTO DE CUNDINAMARCA
A4: RESUMEN INFORMACIÓN FINANCIERA DE LOS PROPONENTES CONTENIDA EN EL RUP
A6: No. | B6: NOMBRE O RAZÓN SOCIAL | C6: CC o NIT | D6: % de Participación | E6: Activo Cte. | F6: Activo Total | G6: Pasivo Cte. | H6: Pasivo Total | I6: Patrimonio | J6: Utilidad Operac. | K6: Gasto Intereses
A8: 21 | B8: COBA B&C SAS | D8: 1 | E8: 1244615996 | F8: 1244615996 | G8: 619751205 | H8: 619751205 | I8: 624864791 | J8: 136236344 | K8: 0
A10: 24 | B10: PROYECTOS CONSTRUCCIONES CIVILES Y VIALES S.A.S | D10: 1 | E10: 2335337307 | F10: 5285473550 | G10: 1327124944 | H10: 2859086074 | I10: 2426387476 | J10: 256627595 | K10: 25089917
A12: 25 | B12: RESTREPO Y URIBE S A S | D12: 1 | E12: 18889446518 | F12: 19586890636 | G12: 6533852598 | H12: 6533852598 | I12: 13053038038 | J12: 1140110559 | K12: 39007782
A14: 22 | B14: CONSORCIO ECO INFRAESTRUCTURA
B15: ECOVIAS S.A.S | D15: 0.5 | E15: 17306145049 | F15: 19623584870 | G15: 3261756881 | H15: 9293762731 | I15: 10329822139 | J15: 3177105412 | K15: 58810
B16: ECOING PROYECTOS S.A.S | D16: 0.5 | E16: 407819888 | F16: 407819888 | G16: 7783256 | H16: 7783256 | I16: 400036632 | J16: 56632 | K16: 0
A18: 36 | B18: VELNEC S.A. | D18: 1 | E18: 6718327378 | F18: 11488985605 | G18: 2740157238 | H18: 4928180379 | I18: 6560805226 | J18: 603418107 | K18: 121583805
A20: 23 | B20: CONSORCIO OBRAS URBANAS
B21: RAFAEL JAVIER GUISA RUEDA | D21: 0.5 | E21: 1475921481 | F21: 2633683501 | G21: 72028839 | H21: 1027306797 | I21: 1606376704 | J21: 202102018 | K21: 678934
B22: HUMBERTO JAUREGU& CIAS S.A.S | D22: 0.4 | E22: 150000000 | F22: 500000000 | G22: 0 | H22: 0 | I22: 500000000 | J22: 0 | K22: 0
B23: PROYECTOS VIALES S.AS | D23: 0.1 | E23: 1245348937 | F23: 1340819256 | G23: 198460000 | H23: 198460000 | I23: 1142359256 | J23: 81083422 | K23: 1097350
A25: 26 | B25: CONSORCIO ALMA-INTERNOVAC | L25: FORMATO INCIMPLETO
B26: ALMA Interventoría & Consultoría S.A.S | D26: 0.75 | E26: 1806657067 | F26: 3054009333 | G26: 469026306 | H26: 1956698884 | I26: 1956698884 | J26: 556702646 | K26: 889400
B27: INTERNOVAC GROUP SAS BIC | D27: 0.25 | E27: 1580957000 | F27: 1708285000 | G27: 20903300 | H27: 20903300 | I27: 1687381700 | J27: 225967500 | K27: 1947800
A29: 27 | B29: CONSORCIO CIVILPROJECT II.
B30: AS INGENIERÍA Y CONSULTORÍA S.A.S. | D30: 0.9 | E30: 750000000 | F30: 750000000 | G30: 0 | H30: 0 | I30: 750000000 | J30: 0 | K30: 0
B31: ALFREDO JOSÉ LEPESQUEUR MARTÍNEZ | D31: 0.1 | E31: 1291805363 | F31: 2977850725 | G31: 228813610 | H31: 757662804 | I31: 2220187921 | J31: 780505249 | K31: 87146144
A33: 28 | B33: CONSORCIO CONSTRUGAVI 293
B34: GAVINCO INGENIEROS CONSULTORES S.A.S | D34: 0.9 | E34: 12830978401 | F34: 14671587094 | G34: 4048493859 | H34: 6378756943 | I34: 8292830151 | J34: 4242495493 | K34: 797177344
B35: CONSTRUMAVE S.A.S | D35: 0.1 | E35: 1938308576 | F35: 1938308576 | G35: 516968421 | H35: 765763790 | I35: 1172544786 | J35: 218973508 | K35: 0
A37: 29 | B37: CONSORCIO SEGVIAL CUNDINAMARCA.
B38: E.D.L. S.A.S. | D38: 0.75 | E38: 31218661136 | F38: 64521217578 | G38: 11560585375 | H38: 37434476843 | I38: 27086740735 | J38: 2501047895 | K38: 1586397493
B39: D.I.S. S.A.S. | D39: 0.25 | E39: 5844283905 | F39: 12695144835 | G39: 2820915856 | H39: 7516255049 | I39: 5178889786 | J39: 867752780 | K39: 3397159
A41: 31 | B41: CONSORCIO INTERVENTOR 25
B42: PAULO EMILIO BRAVO CONSULTORES S.A.S. | D42: 0.5 | E42: 6876732216 | F42: 7409384474 | G42: 2304777089 | H42: 2582443421 | I42: 4826941053 | J42: 734533269 | K42: 33565918
B43: BB CONSULTORA SAS | D43: 0.5 | E43: 644639269 | F43: 644639269 | G43: 37070537 | H43: 37070537 | I43: 607568732 | J43: 81364921 | K43: 0
A45: 32 | B45: Consorcio INCOPLAN - JCS
B46: INGENIERÍA CONSULTORÍA Y PLANEACIÓN S.A | C46: 830123577 7 | D46: 0.9 | E46: 17683049446 | F46: 9669575824 | G46: 3791047937 | H46: 4328144723 | I46: 15341431101 | J46: 6052557407 | K46: 21447240
B47: JUAN CARLOS SANCHEZ GRUPO CONSULTOR Y CONSTRUCTOR SAS | C47: 900318823 6 | D47: 0.1 | E47: 105157181 | F47: 105157181 | G47: 4984436 | H47: 4984436 | I47: 100172745 | J47: 265762 | K47: 0
A49: 33 | B49: CONSORCIO INT SEGURIDAD VIAL.
B50: FRONTERAS CONSTRUCTORA S.A.S. | C50: 901502864 1 | D50: 0.45 | E50: 3387049938 | F50: 3409249938 | G50: 1205134722 | H50: 1693960399 | I50: 17152289539 | J50: 198236548 | K50: 3908140
B51: YTMING S.A.S. | D51: 0.45 | E51: 20000000 | F51: 20000000 | G51: 0 | H51: 0 | I51: 20000000 | J51: 0 | K51: 0
B52: TLL ARQUITECTOS E INGENIEROS S.A.S. | C52: 901349670 2 | D52: 0.1 | E52: 331261097 | F52: 1149461857 | G52: 840722569 | H52: 1117493572 | I52: 31968285 | J52: 8192045 | K52: 9300
A55: 34 | B55: Consorcio INTERVENTORIA MOVIL
B56: CELQO SAS | C56: 901499201-4 | D56: 0.5 | E56: 6021550488 | F56: 9206194577 | G56: 2309095040 | H56: 5251273742 | I56: 3954920835 | J56: 232628274 | K56: 64186133
B57: INGEVAL S.A.S | C57: 811038634-6 | D57: 0.5 | E57: 4077656106 | F57: 4457556320 | G57: 580437376 | H57: 1388767034 | I57: 3068789286 | J57: 416818559 | K57: 53183809
A59: 35 | B59: CONSORCIO INTERVOJ.
B60: VALDOS 22 SAS | D60: 0.78 | E60: 200000000 | F60: 200000000 | G60: 0 | H60: 0 | I60: 200000000 | J60: 0 | K60: 0
B61: JJAB SAS | C61: 900339752 - 1 | D61: 0.2 | E61: 474394253 | F61: 476794253 | G61: 27388902 | H61: 140230317 | I61: 336563936 | J61: 67106075 | K61: 7000
B62: OSWALDO GUTIÉRREZ CHARRY | C62: 805026870 - 4 | D62: 0.02 | E62: 641829516 | F62: 877038139 | G62: 246498978 | H62: 373996690 | I62: 503041449 | J62: 145695029 | K62: 56300
A64: 37 | B64: Unión Temporal Los Tréboles.
B65: INFRACOL INGENIERIA SAS | C65: 901.472.218 - 1 | D65: 0.5 | E65: 222458896 | F65: 291678749 | G65: 56443325 | H65: 101699339 | I65: 189979410 | J65: 42552648 | K65: 298191
B66: BATEMAN INGENIERIA SAS | C66: 901624672-6 | D66: 0.5 | E66: 10210503613 | F66: 11199127780 | G66: 1372957556 | H66: 2839307665 | I66: 8359820115 | J66: 474083376 | K66: 135360972
A68: 30 | B68: CONSORCIO VIAL 2024
B69: NOGAALL SAS | C69: 901.184.669-4 | D69: 0.6 | E69: 5426605201 | F69: 8861161094 | G69: 1459159314 | H69: 4358658015 | I69: 4502503079 | J69: 1027197682 | K69: 45990742
B70: LITORAL CONSULTING SAS | C70: 900.837.886-6 | D70: 0.3 | E70: 1417318032 | F70: 1417318032 | G70: 293782825 | H70: 608445406 | I70: 808872626 | J70: 778214646 | K70: 14312951
B71: APP CONSULTORES & ESTRUCTURADORES SAS | C71: 901.035.720-4 | D71: 0.1 | E71: 654460937 | F71: 83806406 | G71: 25070821 | H71: 95070821 | I71: 588735585 | J71: 44081396 | K71: 94551
B75: MARIA CAROLINA DIAZ GOMEZ | G75: ANDRY HUERTAS
B76: CONTRATISTA - DIRECCION DE SERVICIOS DE LA MOVILIDAD Y SEDES OPERAIAS EN TRANSITO | G76: CONTRATISTA -

Sheet Verificación FIN 1-20 MIPYMES
A7: OBJETO | B7: =+'Verificación FIN 1-20'!B2 -> REALIZAR LA GERENCIA INTEGRAL PARA LA INTERVENTORÍA TÉCNICA, ADMINISTRATIVA, FINANCIERA, OPERATIVA, JURÍDICA, AMBIENTAL Y SOCIAL AL CONTRATO CUYO OBJETO ES: IMPLEMENTAR INTERVENCIONES EN INFRAESTRUCTURA VIAL PARA MEJORAR LAS CONDICIONES DE SEGURIDAD VIAL Y MITIGAR RIESGOS EN PUNTOS CRÍTICOS PRIORIZADOS A CARGO DEL DEPARTAMENTO DE CUNDINAMARCA | E7: PROCESO | F7: =+'Verificación FIN 1-20'!G1 -> STM - CM-293-2024 | G7: presupuesto del proceso | H7: =+'Verificación FIN 1-20'!I1 -> 1651573120 | I7: PLAZO 11 meses
A8: VERIFICACIÓN DE CUMPLIMIENTO DE REQUISITOS FINANCIEROS Y ORGANIZACIONALES MINIMOS HABILITANTES
C9: CAPACIDAD FINANCIERA | G9: CAPACIDAD ORGANIZACIONAL
C10: CAPITAL DE TRABAJO | D10: LIQUIDEZ | E10: ENDEUDAMIENTO | F10: COBERTURA INTERESES | G10: RENTABILIDAD SOBRE ACTIVOS | H10: RENTABILIDAD SOBRE PATRIMONIO
B11: REQUISITO ESTABLECIDO | C11: MAYOR O IGUAL A | D11: MAYOR O IGUAL A | E11: MENOR O IGUAL A | F11: MAYOR O IGUAL A | G11: MAYOR O IGUAL A | H11: MAYOR O IGUAL A
B12: INDICADORES FINANCIEROS PARA MIPYMES | C12: 0.1 | D12: 1.11 | E12: 0.75 | F12: 0 | G12: 0 | H12: 0
B13: INDICADORES FINANCIEROS PARA GRANDES EMPRESAS O QUE NO SON MIPYMES | C13: 0.1 | D13: 1.21 | E13: 0.7 | F13: 1 | G13: 0.02 | H13: 0.04
C14: =+C12*H7 -> 165157312 | I14: RESULTADO CAPACIDAD FINANCIERA Y ORGANIZACIONAL
A16: =+'Verificación FIN 1-20'!A8 -> 2 | B16: =+'Verificación FIN 1-20'!B8 -> GRUPO METRO COLOMBIA SAS | C16: =('Verificación FIN 1-20'!E8-'Verificación FIN 1-20'!G8)/$H$7 -> 3.040253 | D16: =+'Verificación FIN 1-20'!E8/'Verificación FIN 1-20'!G8 -> 21.490029 | E16: =+'Verificación FIN 1-20'!H8/'Verificación FIN 1-20'!F8 -> 0.046454938 | F16: =('Verificación FIN 1-20'!J8*'Verificación FIN 1-20'!D8)/('Verificación FIN 1-20'!K8*'Verificación FIN 1-20'!D8) -> 14094.518 | G16: =+'Verificación FIN 1-20'!J8/'Verificación FIN 1-20'!F8 -> 0.22975775 | H16: =+'Verificación FIN 1-20'!J8/'Verificación FIN 1-20'!I8 -> 0.24095112 | I16: =IF(C17="CUMPLE",IF(D17="CUMPLE",IF(E17="CUMPLE",IF(E17="CUMPLE",IF(F17="CUMPLE",IF(G17="CUMPLE",IF(H17="CUMPLE","HABILITADO","NO HABILITADO"),"NO HABILITADO"),"NO HABILITADO"),"NO HABILITADO"),"NO HABILITADO"),"NO HABILITADO")) -> HABILITADO
C17: =IF(C16>=C12,"CUMPLE","NO CUMPLE") -> CUMPLE | D17: =IF(D16>=$D$12,"CUMPLE","NO CUMPLE") -> CUMPLE | E17: =IF(E16<=$E$12,"CUMPLE","NO CUMPLE") -> CUMPLE | F17: =IF(F16="= 0","CUMPLE",IF(F16>=$F$12,"CUMPLE","NO CUMPLE")) -> CUMPLE | G17: =IF(G16>=$G$12,"CUMPLE","NO CUMPLE") -> CUMPLE | H17: =IF(H16>=$H$12,"CUMPLE","NO CUMPLE") -> CUMPLE
A19: =+'Verificación FIN 1-20'!A10 -> 3 | B19: =+'Verificación FIN 1-20'!B10 -> INGENIEROS CIVILES ESPECIALISTAS S.A.S. | C19: =('Verificación FIN 1-20'!E10-'Verificación FIN 1-20'!G10)/$H$7 -> 2.6720216 | D19: =+'Verificación FIN 1-20'!E10/'Verificación FIN 1-20'!G10 -> 7.7322316 | E19: =+'Verificación FIN 1-20'!H10/'Verificación FIN 1-20'!F10 -> 0.1868613 | F19: =('Verificación FIN 1-20'!J10*'Verificación FIN 1-20'!D10)/('Verificación FIN 1-20'!K10*'Verificación FIN 1-20'!D10) -> 17.481845 | G19: =+'Verificación FIN 1-20'!J10/'Verificación FIN 1-20'!F10 -> 0.22728181 | H19: =+'Verificación FIN 1-20'!J10/'Verificación FIN 1-20'!I10 -> 0.27951173 | I19: =IF(C20="CUMPLE",IF(D20="CUMPLE",IF(E20="CUMPLE",IF(E20="CUMPLE",IF(F20="CUMPLE",IF(G20="CUMPLE",IF(H20="CUMPLE","HABILITADO","NO HABILITADO"),"NO HABILITADO"),"NO HABILITADO"),"NO HABILITADO"),"NO HABILITADO"),"NO HABILITADO")) -> HABILITADO
C20: =IF(C19>=C12,"CUMPLE","NO CUMPLE") -> CUMPLE | D20: =IF(D19>=$D$12,"CUMPLE","NO CUMPLE") -> CUMPLE | E20: =IF(E19<=$E$12,"CUMPLE","NO CUMPLE") -> CUMPLE | F20: =IF(F19="= 0","CUMPLE",IF(F19>=$F$12,"CUMPLE","NO CUMPLE")) -> CUMPLE | G20: =IF(G19>=$G$12,"CUMPLE","NO CUMPLE") -> CUMPLE | H20: =IF(H19>=$H$12,"CUMPLE","NO CUMPLE") -> CUMPLE
A22: =+'Verificación FIN 1-20'!A12 -> 7 | B22: =+'Verificación FIN 1-20'!B12 -> ALIANZA INTEGRAL DE PROYECTOS SAS BIC | C22: =('Verificación FIN 1-20'!E12-'Verificación FIN 1-20'!G12)/$H$7 -> 0.59454397 | D22: =+'Verificación FIN 1-20'!E12/'Verificación FIN 1-20'!G12 -> 3.885528 | E22: =+'Verificación FIN 1-20'!H12/'Verificación FIN 1-20'!F12 -> 0.24352983 | F22: INDETERMINADO | G22: =+'Verificación FIN 1-20'!J12/'Verificación FIN 1-20'!F12 -> 0.09860826 | H22: =+'Verificación FIN 1-20'!J12/'Verificación FIN 1-20'!I12 -> 0.13035314 | I22: =IF(C23="CUMPLE",IF(D23="CUMPLE",IF(E23="CUMPLE",IF(E23="CUMPLE",IF(F23="CUMPLE",IF(G23="CUMPLE",IF(H23="CUMPLE","HABILITADO","NO HABILITADO"),"NO HABILITADO"),"NO HABILITADO"),"NO HABILITADO"),"NO HABILITADO"),"NO HABILITADO")) -> HABILITADO
C23: =IF(C22>=C12,"CUMPLE","NO CUMPLE") -> CUMPLE | D23: =IF(D22>=$D$12,"CUMPLE","NO CUMPLE") -> CUMPLE | E23: =IF(E22<=$E$12,"CUMPLE","NO CUMPLE") -> CUMPLE | F23: =IF(F22="= 0","CUMPLE",IF(F22>=$F$12,"CUMPLE","NO CUMPLE")) -> CUMPLE | G23: =IF(G22>=$G$12,"CUMPLE","NO CUMPLE") -> CUMPLE | H23: =IF(H22>=$H$12,"CUMPLE","NO CUMPLE") -> CUMPLE
A25: =+'Verificación FIN 1-20'!A14 -> 8 | B25: =+'Verificación FIN 1-20'!B14 -> EMPROCIV SAS | C25: =('Verificación FIN 1-20'!E14-'Verificación FIN 1-20'!G14)/$H$7 -> 0.91227407 | D25: =+'Verificación FIN 1-20'!E14/'Verificación FIN 1-20'!G14 -> 3.2326834 | E25: =+'Verificación FIN 1-20'!H14/'Verificación FIN 1-20'!F14 -> 0.63452945 | F25: =('Verificación FIN 1-20'!J14*'Verificación FIN 1-20'!D14)/('Verificación FIN 1-20'!K14*'Verificación FIN 1-20'!D14) -> 4.7804676 | G25: =+'Verificación FIN 1-20'!J14/'Verificación FIN 1-20'!F14 -> 0.040392903 | H25: =+'Verificación FIN 1-20'!J14/'Verificación FIN 1-20'!I14 -> 0.110523 | I25: =IF(C26="CUMPLE",IF(D26="CUMPLE",IF(E26="CUMPLE",IF(E26="CUMPLE",IF(F26="CUMPLE",IF(G26="CUMPLE",IF(H26="CUMPLE","HABILITADO","NO HABILITADO"),"NO HABILITADO"),"NO HABILITADO"),"NO HABILITADO"),"NO HABILITADO"),"NO HABILITADO")) -> HABILITADO
C26: =IF(C25>=C12,"CUMPLE","NO CUMPLE") -> CUMPLE | D26: =IF(D25>=$D$12,"CUMPLE","NO CUMPLE") -> CUMPLE | E26: =IF(E25<=$E$12,"CUMPLE","NO CUMPLE") -> CUMPLE | F26: =IF(F25="= 0","CUMPLE",IF(F25>=$F$12,"CUMPLE","NO CUMPLE")) -> CUMPLE | G26: =IF(G25>=$G$12,"CUMPLE","NO CUMPLE") -> CUMPLE | H26: =IF(H25>=$H$12,"CUMPLE","NO CUMPLE") -> CUMPLE
A28: =+'Verificación FIN 1-20'!A16 -> 10 | B28: =+'Verificación FIN 1-20'!B16 -> ING INGENIERIA SAS | C28: =('Verificación FIN 1-20'!E16-'Verificación FIN 1-20'!G16)/$H$7 -> 3.8085244 | D28: =+'Verificación FIN 1-20'!E16/'Verificación FIN 1-20'!G16 -> 5.1091808 | E28: =+'Verificación FIN 1-20'!H16/'Verificación FIN 1-20'!F16 -> 0.64762189 | F28: INDETERMINADO | G28: =+'Verificación FIN 1-20'!J16/'Verificación FIN 1-20'!F16 -> 0.15831441 | H28: =+'Verificación FIN 1-20'!J16/'Verificación FIN 1-20'!I16 -> 0.44927426 | I28: =IF(C29="CUMPLE",IF(D29="CUMPLE",IF(E29="CUMPLE",IF(E29="CUMPLE",IF(F29="CUMPLE",IF(G29="CUMPLE",IF(H29="CUMPLE","HABILITADO","NO HABILITADO"),"NO HABILITADO"),"NO HABILITADO"),"NO HABILITADO"),"NO HABILITADO"),"NO HABILITADO")) -> HABILITADO
C29: =IF(C28>=C12,"CUMPLE","NO CUMPLE") -> CUMPLE | D29: =IF(D28>=$D$12,"CUMPLE","NO CUMPLE") -> CUMPLE | E29: =IF(E28<=$E$12,"CUMPLE","NO CUMPLE") -> CUMPLE | F29: =IF(F28="= 0","CUMPLE",IF(F28>=$F$12,"CUMPLE","NO CUMPLE")) -> CUMPLE | G29: =IF(G28>=$G$12,"CUMPLE","NO CUMPLE") -> CUMPLE | H29: =IF(H28>=$H$12,"CUMPLE","NO CUMPLE") -> CUMPLE
A31: =+'Verificación FIN 1-20'!A18 -> 9 | B31: =+'Verificación FIN 1-20'!B18 -> CONSORCIO SEGURIDAD VIAL CUNDINAMARCA | C31: =((('Verificación FIN 1-20'!E20)+('Verificación FIN 1-20'!E19))-(('Verificación FIN 1-20'!G19)+('Verificación FIN 1-20'!G20)))/H7 -> 1.8722104 | D31: =(('Verificación FIN 1-20'!E20)+('Verificación FIN 1-20'!E19))/(('Verificación FIN 1-20'!G19)+('Verificación FIN 1-20'!G20)) -> 5.343471 | E31: =('Verificación FIN 1-20'!H19+'Verificación FIN 1-20'!H20)/('Verificación FIN 1-20'!F19+'Verificación FIN 1-20'!F20) -> 0.38645315 | F31: =('Verificación FIN 1-20'!J19+'Verificación FIN 1-20'!J20)/('Verificación FIN 1-20'!K19+'Verificación FIN 1-20'!K20) -> 24.332218 | G31: =('Verificación FIN 1-20'!J19+'Verificación FIN 1-20'!J20)/('Verificación FIN 1-20'!F19+'Verificación FIN 1-20'!F20) -> 0.18287146 | H31: =('Verificación FIN 1-20'!J19+'Verificación FIN 1-20'!J20)/('Verificación FIN 1-20'!I19+'Verificación FIN 1-20'!I20) -> 0.29805622 | I31: =IF(C32="CUMPLE",IF(D32="CUMPLE",IF(E32="CUMPLE",IF(E32="CUMPLE",IF(F32="CUMPLE",IF(G32="CUMPLE",IF(H32="CUMPLE","HABILITADO","NO HABILITADO"),"NO HABILITADO"),"NO HABILITADO"),"NO HABILITADO"),"NO HABILITADO"),"NO HABILITADO")) -> HABILITADO
C32: =IF(C31>=C12,"CUMPLE","NO CUMPLE") -> CUMPLE | D32: =IF(D31>=$D$12,"CUMPLE","NO CUMPLE") -> CUMPLE | E32: =IF(E31<=$E$12,"CUMPLE","NO CUMPLE") -> CUMPLE | F32: =IF(F31="= 0","CUMPLE",IF(F31>=$F$12,"CUMPLE","NO CUMPLE")) -> CUMPLE | G32: =IF(G31>=$G$12,"CUMPLE","NO CUMPLE") -> CUMPLE | H32: =IF(H31>=$H$12,"CUMPLE","NO CUMPLE") -> CUMPLE
A34: =+'Verificación FIN 1-20'!A22 -> 13 | B34: =+'Verificación FIN 1-20'!B22 -> JASEN CONSULTORES SAS | C34: =('Verificación FIN 1-20'!E22-'Verificación FIN 1-20'!G22)/$H$7 -> 1.7236308 | D34: =+'Verificación FIN 1-20'!E22/'Verificación FIN 1-20'!G22 -> 5.0435839 | E34: =+'Verificación FIN 1-20'!H22/'Verificación FIN 1-20'!F22 -> 0.28934433 | F34: =('Verificación FIN 1-20'!J22*'Verificación FIN 1-20'!D22)/('Verificación FIN 1-20'!K22*'Verificación FIN 1-20'!D22) -> 8.8372514 | G34: =+'Verificación FIN 1-20'!J22/'Verificación FIN 1-20'!F22 -> 0.064487466 | H34: =+'Verificación FIN 1-20'!J22/'Verificación FIN 1-20'!I22 -> 0.090743618 | I34: =IF(C35="CUMPLE",IF(D35="CUMPLE",IF(E35="CUMPLE",IF(E35="CUMPLE",IF(F35="CUMPLE",IF(G35="CUMPLE",IF(H35="CUMPLE","HABILITADO","NO HABILITADO"),"NO HABILITADO"),"NO HABILITADO"),"NO HABILITADO"),"NO HABILITADO"),"NO HABILITADO")) -> HABILITADO
C35: =IF(C34>=C12,"CUMPLE","NO CUMPLE") -> CUMPLE | D35: =IF(D34>=$D$12,"CUMPLE","NO CUMPLE") -> CUMPLE | E35: =IF(E34<=$E$12,"CUMPLE","NO CUMPLE") -> CUMPLE | F35: =IF(F34="= 0","CUMPLE",IF(F34>=$F$12,"CUMPLE","NO CUMPLE")) -> CUMPLE | G35: =IF(G34>=$G$12,"CUMPLE","NO CUMPLE") -> CUMPLE | H35: =IF(H34>=$H$12,"CUMPLE","NO CUMPLE") -> CUMPLE
A37: =+'Verificación FIN 1-20'!A24 -> 17 | B37: =+'Verificación FIN 1-20'!B26 -> CONSORCIO ESENDA | C37: =((('Verificación FIN 1-20'!E25)+('Verificación FIN 1-20'!E26)+('Verificación FIN 1-20'!E27)+('Verificación FIN 1-20'!E28))-(('Verificación FIN 1-20'!G25)+('Verificación FIN 1-20'!G26)+('Verificación FIN 1-20'!G27)+('Verificación FIN 1-20'!G28)))/H7 -> 2.2318251 | D37: =(('Verificación FIN 1-20'!E25)+('Verificación FIN 1-20'!E26)+('Verificación FIN 1-20'!E27)+('Verificación FIN 1-20'!E28))/(('Verificación FIN 1-20'!G25)+('Verificación FIN 1-20'!G26)+('Verificación FIN 1-20'!G27)+('Verificación FIN 1-20'!G28)) -> 2.1878542 | E37: =('Verificación FIN 1-20'!H25+'Verificación FIN 1-20'!H26+'Verificación FIN 1-20'!H28+'Verificación FIN 1-20'!H27)/('Verificación FIN 1-20'!F25+'Verificación FIN 1-20'!F26+'Verificación FIN 1-20'!F28+'Verificación FIN 1-20'!F27) -> 0.43794273 | F37: =('Verificación FIN 1-20'!J25+'Verificación FIN 1-20'!J26+'Verificación FIN 1-20'!J27+'Verificación FIN 1-20'!J28)/('Verificación FIN 1-20'!K25+'Verificación FIN 1-20'!K26+'Verificación FIN 1-20'!K27+'Verificación FIN 1-20'!K28) -> 55.597235 | G37: =('Verificación FIN 1-20'!J25+'Verificación FIN 1-20'!J26+'Verificación FIN 1-20'!J27+'Verificación FIN 1-20'!J28)/('Verificación FIN 1-20'!F25+'Verificación FIN 1-20'!F26+'Verificación FIN 1-20'!F27+'Verificación FIN 1-20'!F28) -> 0.099478339 | H37: =('Verificación FIN 1-20'!J25+'Verificación FIN 1-20'!J26+'Verificación FIN 1-20'!J27+'Verificación FIN 1-20'!J28)/('Verificación FIN 1-20'!I25+'Verificación FIN 1-20'!I26+'Verificación FIN 1-20'!I27+'Verificación FIN 1-20'!I28) -> 0.17698969 | I37: =IF(C38="CUMPLE",IF(D38="CUMPLE",IF(E38="CUMPLE",IF(E38="CUMPLE",IF(F38="CUMPLE",IF(G38="CUMPLE",IF(H38="CUMPLE","HABILITADO","NO HABILITADO"),"NO HABILITADO"),"NO HABILITADO"),"NO HABILITADO"),"NO HABILITADO"),"NO HABILITADO")) -> HABILITADO
C38: =IF(C37>=C12,"CUMPLE","NO CUMPLE") -> CUMPLE | D38: =IF(D37>=$D$12,"CUMPLE","NO CUMPLE") -> CUMPLE | E38: =IF(E37<=$E$12,"CUMPLE","NO CUMPLE") -> CUMPLE | F38: =IF(F37="= 0","CUMPLE",IF(F37>=$F$12,"CUMPLE","NO CUMPLE")) -> CUMPLE | G38: =IF(G37>=$G$12,"CUMPLE","NO CUMPLE") -> CUMPLE | H38: =IF(H37>=$H$12,"CUMPLE","NO CUMPLE") -> CUMPLE
A40: =+'Verificación FIN 1-20'!A30 -> 16 | B40: =+'Verificación FIN 1-20'!B30 -> INGENIEROS CONSTRUCTORES Y ASESORES SAS | C40: =('Verificación FIN 1-20'!E30-'Verificación FIN 1-20'!G30)/$H$7 -> 3.630743 | D40: =+'Verificación FIN 1-20'!E30/'Verificación FIN 1-20'!G30 -> 6.4464695 | E40: =+'Verificación FIN 1-20'!H30/'Verificación FIN 1-20'!F30 -> 0.27892723 | F40: =('Verificación FIN 1-20'!J30*'Verificación FIN 1-20'!D30)/('Verificación FIN 1-20'!K30*'Verificación FIN 1-20'!D30) -> 576.14641 | G40: =+'Verificación FIN 1-20'!J30/'Verificación FIN 1-20'!F30 -> 0.16742902 | H40: =+'Verificación FIN 1-20'!J30/'Verificación FIN 1-20'!I30 -> 0.23219435 | I40: =IF(C41="CUMPLE",IF(D41="CUMPLE",IF(E41="CUMPLE",IF(E41="CUMPLE",IF(F41="CUMPLE",IF(G41="CUMPLE",IF(H41="CUMPLE","HABILITADO","NO HABILITADO"),"NO HABILITADO"),"NO HABILITADO"),"NO HABILITADO"),"NO HABILITADO"),"NO HABILITADO")) -> HABILITADO
C41: =IF(C40>=C12,"CUMPLE","NO CUMPLE") -> CUMPLE | D41: =IF(D40>=$D$12,"CUMPLE","NO CUMPLE") -> CUMPLE | E41: =IF(E40<=$E$12,"CUMPLE","NO CUMPLE") -> CUMPLE | F41: =IF(F40>=$F$12,"CUMPLE","NO CUMPLE") -> CUMPLE | G41: =IF(G40>=$G$12,"CUMPLE","NO CUMPLE") -> CUMPLE | H41: =IF(H40>=$H$12,"CUMPLE","NO CUMPLE") -> CUMPLE
A43: =+'Verificación FIN 1-20'!A32 -> 18 | B43: =+'Verificación FIN 1-20'!B32 -> PROYECTOS TECNICOS DE COLOMBIA S.A.S. | C43: =('Verificación FIN 1-20'!E32-'Verificación FIN 1-20'!G32)/$H$7 -> 6.6016409 | D43: =+'Verificación FIN 1-20'!E32/'Verificación FIN 1-20'!G32 -> 6.5935063 | E43: =+'Verificación FIN 1-20'!H32/'Verificación FIN 1-20'!F32 -> 0.53073945 | F43: =('Verificación FIN 1-20'!J32*'Verificación FIN 1-20'!D32/('Verificación FIN 1-20'!K32*'Verificación FIN 1-20'!D32)) -> 7.740353 | G43: =+'Verificación FIN 1-20'!J32/'Verificación FIN 1-20'!F32 -> 0.11488077 | H43: =+'Verificación FIN 1-20'!J32/'Verificación FIN 1-20'!I32 -> 0.24481233 | I43: =IF(C44="CUMPLE",IF(D44="CUMPLE",IF(E44="CUMPLE",IF(E44="CUMPLE",IF(F44="CUMPLE",IF(G44="CUMPLE",IF(H44="CUMPLE","HABILITADO","NO HABILITADO"),"NO HABILITADO"),"NO HABILITADO"),"NO HABILITADO"),"NO HABILITADO"),"NO HABILITADO")) -> HABILITADO
C44: =IF(C43>=C12,"CUMPLE","NO CUMPLE") -> CUMPLE | D44: =IF(D43>=$D$12,"CUMPLE","NO CUMPLE") -> CUMPLE | E44: =IF(E43<=$E$12,"CUMPLE","NO CUMPLE") -> CUMPLE | F44: =IF(F43>=$F$12,"CUMPLE","NO CUMPLE") -> CUMPLE | G44: =IF(G43>=$G$12,"CUMPLE","NO CUMPLE") -> CUMPLE | H44: =IF(H43>=$H$12,"CUMPLE","NO CUMPLE") -> CUMPLE
A46: =+'Verificación FIN 1-20'!A34 -> 20 | B46: =+'Verificación FIN 1-20'!B34 -> GERMAN RAMIREZ BARBOSA | C46: =('Verificación FIN 1-20'!E34-'Verificación FIN 1-20'!G34)/$H$7 -> 1.9694169 | D46: =+'Verificación FIN 1-20'!E34/'Verificación FIN 1-20'!G34 -> 28.032987 | E46: =+'Verificación FIN 1-20'!H34/'Verificación FIN 1-20'!F34 -> 0.206015 | F46: =('Verificación FIN 1-20'!J34/('Verificación FIN 1-20'!K34)) -> 3.9458978 | G46: =+'Verificación FIN 1-20'!J34/'Verificación FIN 1-20'!F34 -> 0.024860041 | H46: =+'Verificación FIN 1-20'!J34/'Verificación FIN 1-20'!I34 -> 0.031310466 | I46: =IF(C47="CUMPLE",IF(D47="CUMPLE",IF(E47="CUMPLE",IF(E47="CUMPLE",IF(F47="CUMPLE",IF(G47="CUMPLE",IF(H47="CUMPLE","HABILITADO","NO HABILITADO"),"NO HABILITADO"),"NO HABILITADO"),"NO HABILITADO"),"NO HABILITADO"),"NO HABILITADO")) -> HABILITADO
C47: =IF(C46>=C12,"CUMPLE","NO CUMPLE") -> CUMPLE | D47: =IF(D46>=$D$12,"CUMPLE","NO CUMPLE") -> CUMPLE | E47: =IF(E46<=$E$12,"CUMPLE","NO CUMPLE") -> CUMPLE | F47: =IF(F46>=$F$12,"CUMPLE","NO CUMPLE") -> CUMPLE | G47: CUMPLE | H47: CUMPLE
A49: =+'Verificación FIN 1-20'!A36 -> 1 | B49: =+'Verificación FIN 1-20'!B36 -> CONSORCIO INTERSEGURIDAD VIAL | C49: =((('Verificación FIN 1-20'!E37)+('Verificación FIN 1-20'!E38)+('Verificación FIN 1-20'!E39))-(('Verificación FIN 1-20'!G37)+('Verificación FIN 1-20'!G38)+('Verificación FIN 1-20'!G39)))/H7 -> 8.8898728 | D49: =(('Verificación FIN 1-20'!E37)+('Verificación FIN 1-20'!E38)+('Verificación FIN 1-20'!E39))/(('Verificación FIN 1-20'!G37)+('Verificación FIN 1-20'!G38)+('Verificación FIN 1-20'!G39)) -> 16.748384 | E49: =('Verificación FIN 1-20'!H37+'Verificación FIN 1-20'!H38+'Verificación FIN 1-20'!H39)/('Verificación FIN 1-20'!F37+'Verificación FIN 1-20'!F38+'Verificación FIN 1-20'!F39) -> 0.4856017 | F49: =('Verificación FIN 1-20'!J37+'Verificación FIN 1-20'!J38+'Verificación FIN 1-20'!J39)/('Verificación FIN 1-20'!K37+'Verificación FIN 1-20'!K38+'Verificación FIN 1-20'!K39) -> 27.391102 | G49: =('Verificación FIN 1-20'!J37+'Verificación FIN 1-20'!J38+'Verificación FIN 1-20'!J39)/('Verificación FIN 1-20'!F37+'Verificación FIN 1-20'!F38+'Verificación FIN 1-20'!F39) -> 0.15309765 | H49: =('Verificación FIN 1-20'!J37+'Verificación FIN 1-20'!J38+'Verificación FIN 1-20'!J39)/('Verificación FIN 1-20'!I37+'Verificación FIN 1-20'!I38+'Verificación FIN 1-20'!I39) -> 0.29762472 | I49: =IF(C50="CUMPLE",IF(D50="CUMPLE",IF(E50="CUMPLE",IF(E50="CUMPLE",IF(F50="CUMPLE",IF(G50="CUMPLE",IF(H50="CUMPLE","HABILITADO","NO HABILITADO"),"NO HABILITADO"),"NO HABILITADO"),"NO HABILITADO"),"NO HABILITADO"),"NO HABILITADO")) -> HABILITADO
C50: =IF(C49>=C12,"CUMPLE","NO CUMPLE") -> CUMPLE | D50: =IF(D49>=$D$12,"CUMPLE","NO CUMPLE") -> CUMPLE | E50: =IF(E49<=$E$12,"CUMPLE","NO CUMPLE") -> CUMPLE | F50: =IF(F49="= 0","CUMPLE",IF(F49>=$F$12,"CUMPLE","NO CUMPLE")) -> CUMPLE | G50: =IF(G49>=$G$12,"CUMPLE","NO CUMPLE") -> CUMPLE | H50: =IF(H49>=$H$12,"CUMPLE","NO CUMPLE") -> CUMPLE
A52: =+'Verificación FIN 1-20'!A41 -> 5 | B52: =+'Verificación FIN 1-20'!B41 -> CONSORCIO INTERVIAL STM. | C52: =((('Verificación FIN 1-20'!E42)+('Verificación FIN 1-20'!E43))-(('Verificación FIN 1-20'!G42)+('Verificación FIN 1-20'!G43)))/H7 -> 3.7929932 | D52: =(('Verificación FIN 1-20'!E42)+('Verificación FIN 1-20'!E43))/(('Verificación FIN 1-20'!G42)+('Verificación FIN 1-20'!G43)) -> 3.2169802 | E52: =('Verificación FIN 1-20'!H42+'Verificación FIN 1-20'!H43)/('Verificación FIN 1-20'!F42+'Verificación FIN 1-20'!F43) -> 0.34034134 | F52: =('Verificación FIN 1-20'!J42+'Verificación FIN 1-20'!J43)/('Verificación FIN 1-20'!K42+'Verificación FIN 1-20'!K42) -> 195.08266 | G52: =('Verificación FIN 1-20'!J42+'Verificación FIN 1-20'!J43)/('Verificación FIN 1-20'!F42+'Verificación FIN 1-20'!F43) -> 0.19430119 | H52: =('Verificación FIN 1-20'!J42+'Verificación FIN 1-20'!J43)/('Verificación FIN 1-20'!I42+'Verificación FIN 1-20'!I43) -> 0.29454808 | I52: =IF(C53="CUMPLE",IF(D53="CUMPLE",IF(E53="CUMPLE",IF(E53="CUMPLE",IF(F53="CUMPLE",IF(G53="CUMPLE",IF(H53="CUMPLE","HABILITADO","NO HABILITADO"),"NO HABILITADO"),"NO HABILITADO"),"NO HABILITADO"),"NO HABILITADO"),"NO HABILITADO")) -> HABILITADO
C53: =IF(C52>=C13,"CUMPLE","NO CUMPLE") -> CUMPLE | D53: =IF(D52>=$D$13,"CUMPLE","NO CUMPLE") -> CUMPLE | E53: =IF(E52<=$E$13,"CUMPLE","NO CUMPLE") -> CUMPLE | F53: =IF(F52="= 0","CUMPLE",IF(F52>=$F$13,"CUMPLE","NO CUMPLE")) -> CUMPLE | G53: =IF(G52>=$G$13,"CUMPLE","NO CUMPLE") -> CUMPLE | H53: =IF(H52>=$H$13,"CUMPLE","NO CUMPLE") -> CUMPLE
A55: =+'Verificación FIN 1-20'!A45 -> 6 | B55: =+'Verificación FIN 1-20'!B45 -> CONSORCIO INTER SEÑALES G&G. | C55: =((('Verificación FIN 1-20'!E46)+('Verificación FIN 1-20'!E47))-(('Verificación FIN 1-20'!G46)+('Verificación FIN 1-20'!G47)))/H7 -> 2.4159808 | D55: =(('Verificación FIN 1-20'!E46)+('Verificación FIN 1-20'!E47))/(('Verificación FIN 1-20'!G46)+('Verificación FIN 1-20'!G47)) -> 5.4815584 | E55: =('Verificación FIN 1-20'!H46+'Verificación FIN 1-20'!H47)/('Verificación FIN 1-20'!F46+'Verificación FIN 1-20'!F47) -> 0.41177348 | F55: INDETERMINADO | G55: =('Verificación FIN 1-20'!J46+'Verificación FIN 1-20'!J47)/('Verificación FIN 1-20'!F46+'Verificación FIN 1-20'!F47) -> 0.10553701 | H55: =('Verificación FIN 1-20'!J46+'Verificación FIN 1-20'!J47)/('Verificación FIN 1-20'!I46+'Verificación FIN 1-20'!I47) -> 0.17941559 | I55: =IF(C56="CUMPLE",IF(D56="CUMPLE",IF(E56="CUMPLE",IF(E56="CUMPLE",IF(F56="CUMPLE",IF(G56="CUMPLE",IF(H56="CUMPLE","HABILITADO","NO HABILITADO"),"NO HABILITADO"),"NO HABILITADO"),"NO HABILITADO"),"NO HABILITADO"),"NO HABILITADO")) -> HABILITADO
C56: =IF(C55>=C12,"CUMPLE","NO CUMPLE") -> CUMPLE | D56: =IF(D55>=$D$12,"CUMPLE","NO CUMPLE") -> CUMPLE | E56: =IF(E55<=$E$12,"CUMPLE","NO CUMPLE") -> CUMPLE | F56: =IF(F55="= 0","CUMPLE",IF(F55>=$F$12,"CUMPLE","NO CUMPLE")) -> CUMPLE | G56: =IF(G55>=$G$12,"CUMPLE","NO CUMPLE") -> CUMPLE | H56: =IF(H55>=$H$12,"CUMPLE","NO CUMPLE") -> CUMPLE
A58: =+'Verificación FIN 1-20'!A49 -> 12 | B58: =+'Verificación FIN 1-20'!B49 -> CONSORCIO SMA INFRAESTRUCTURA | C58: =((('Verificación FIN 1-20'!E50)+('Verificación FIN 1-20'!E51))-(('Verificación FIN 1-20'!G50)+('Verificación FIN 1-20'!G51)))/H7 -> 14.584582 | D58: =(('Verificación FIN 1-20'!E50)+('Verificación FIN 1-20'!E51))/(('Verificación FIN 1-20'!G50)+('Verificación FIN 1-20'!G51)) -> 1.7030821 | E58: =('Verificación FIN 1-20'!H50+'Verificación FIN 1-20'!H51)/('Verificación FIN 1-20'!F50+'Verificación FIN 1-20'!F51) -> 0.52379868 | F58: =('Verificación FIN 1-20'!J51+'Verificación FIN 1-20'!J50)/('Verificación FIN 1-20'!K51+'Verificación FIN 1-20'!K50) -> 20.615454 | G58: =('Verificación FIN 1-20'!J51+'Verificación FIN 1-20'!J50)/('Verificación FIN 1-20'!F51+'Verificación FIN 1-20'!F50) -> 0.14721927 | H58: =('Verificación FIN 1-20'!J51+'Verificación FIN 1-20'!J50)/('Verificación FIN 1-20'!I51+'Verificación FIN 1-20'!I50) -> 0.30915343 | I58: =IF(C59="CUMPLE",IF(D59="CUMPLE",IF(E59="CUMPLE",IF(E59="CUMPLE",IF(F59="CUMPLE",IF(G59="CUMPLE",IF(H59="CUMPLE","HABILITADO","NO HABILITADO"),"NO HABILITADO"),"NO HABILITADO"),"NO HABILITADO"),"NO HABILITADO"),"NO HABILITADO")) -> HABILITADO
C59: =IF(C58>=C12,"CUMPLE","NO CUMPLE") -> CUMPLE | D59: =IF(D58>=$D$12,"CUMPLE","NO CUMPLE") -> CUMPLE | E59: =IF(E58<=$E$12,"CUMPLE","NO CUMPLE") -> CUMPLE | F59: =IF(F58="= 0","CUMPLE",IF(F58>=$F$12,"CUMPLE","NO CUMPLE")) -> CUMPLE | G59: =IF(G58>=$G$12,"CUMPLE","NO CUMPLE") -> CUMPLE | H59: =IF(H58>=$H$12,"CUMPLE","NO CUMPLE") -> CUMPLE
A61: =+'Verificación FIN 1-20'!A53 -> 14 | B61: =+'Verificación FIN 1-20'!B53 -> CONSORCIO CIMA ACTING | C61: =((('Verificación FIN 1-20'!E55)+('Verificación FIN 1-20'!E54))-(('Verificación FIN 1-20'!G55)+('Verificación FIN 1-20'!G54)))/H7 -> 1.459441 | D61: =(('Verificación FIN 1-20'!E55)+('Verificación FIN 1-20'!E54))/(('Verificación FIN 1-20'!G55)+('Verificación FIN 1-20'!G54)) -> 3.8260632 | E61: =('Verificación FIN 1-20'!H55+'Verificación FIN 1-20'!H54)/('Verificación FIN 1-20'!F55+'Verificación FIN 1-20'!F54) -> 0.32611554 | F61: INDETERMINADO | G61: =('Verificación FIN 1-20'!J54+'Verificación FIN 1-20'!J55)/('Verificación FIN 1-20'!F54+'Verificación FIN 1-20'!F55) -> 0.04581966 | H61: =('Verificación FIN 1-20'!J54+'Verificación FIN 1-20'!J55)/('Verificación FIN 1-20'!I54+'Verificación FIN 1-20'!I55) -> 0.067993346 | I61: =IF(C62="CUMPLE",IF(D62="CUMPLE",IF(E62="CUMPLE",IF(E62="CUMPLE",IF(F62="CUMPLE",IF(G62="CUMPLE",IF(H62="CUMPLE","HABILITADO","NO HABILITADO"),"NO HABILITADO"),"NO HABILITADO"),"NO HABILITADO"),"NO HABILITADO"),"NO HABILITADO")) -> HABILITADO
C62: =IF(C61>=C12,"CUMPLE","NO CUMPLE") -> CUMPLE | D62: =IF(D61>=$D$12,"CUMPLE","NO CUMPLE") -> CUMPLE | E62: =IF(E61<=$E$12,"CUMPLE","NO CUMPLE") -> CUMPLE | F62: =IF(F61="= 0","CUMPLE",IF(F61>=$F$12,"CUMPLE","NO CUMPLE")) -> CUMPLE | G62: =IF(G61>=$G$12,"CUMPLE","NO CUMPLE") -> CUMPLE | H62: =IF(H61>=$H$12,"CUMPLE","NO CUMPLE") -> CUMPLE
A64: =+'Verificación FIN 1-20'!A57 -> 15 | B64: =+'Verificación FIN 1-20'!B57 -> CONSORCIO SEGURIDAD VIAL SB | C64: =((('Verificación FIN 1-20'!E58)+('Verificación FIN 1-20'!E59))-(('Verificación FIN 1-20'!G58)+('Verificación FIN 1-20'!G59)))/H7 -> 10.485548 | D64: =(('Verificación FIN 1-20'!E58)+('Verificación FIN 1-20'!E59))/(('Verificación FIN 1-20'!G58)+('Verificación FIN 1-20'!G59)) -> 3.2418959 | E64: =('Verificación FIN 1-20'!H58+'Verificación FIN 1-20'!H59)/('Verificación FIN 1-20'!F58+'Verificación FIN 1-20'!F59) -> 0.49308806 | F64: =('Verificación FIN 1-20'!J59+'Verificación FIN 1-20'!J58)/('Verificación FIN 1-20'!K59+'Verificación FIN 1-20'!K58) -> 5018.6424 | G64: =('Verificación FIN 1-20'!J59+'Verificación FIN 1-20'!J58)/('Verificación FIN 1-20'!F59+'Verificación FIN 1-20'!F58) -> 0.081201169 | H64: =('Verificación FIN 1-20'!J59+'Verificación FIN 1-20'!J58)/('Verificación FIN 1-20'!I59+'Verificación FIN 1-20'!I58) -> 0.16018792 | I64: =IF(C65="CUMPLE",IF(D65="CUMPLE",IF(E65="CUMPLE",IF(E65="CUMPLE",IF(F65="CUMPLE",IF(G65="CUMPLE",IF(H65="CUMPLE","HABILITADO","NO HABILITADO"),"NO HABILITADO"),"NO HABILITADO"),"NO HABILITADO"),"NO HABILITADO"),"NO HABILITADO")) -> HABILITADO
C65: =IF(C64>=C12,"CUMPLE","NO CUMPLE") -> CUMPLE | D65: =IF(D64>=$D$12,"CUMPLE","NO CUMPLE") -> CUMPLE | E65: =IF(E64<=$E$12,"CUMPLE","NO CUMPLE") -> CUMPLE | F65: =IF(F64="= 0","CUMPLE",IF(F64>=$F$12,"CUMPLE","NO CUMPLE")) -> CUMPLE | G65: =IF(G64>=$G$12,"CUMPLE","NO CUMPLE") -> CUMPLE | H65: =IF(H64>=$H$12,"CUMPLE","NO CUMPLE") -> CUMPLE
A67: =+'Verificación FIN 1-20'!A61 -> 19 | B67: =+'Verificación FIN 1-20'!B61 -> CONSORCIO ARQUÍMEDES | C67: =((('Verificación FIN 1-20'!E63)+('Verificación FIN 1-20'!E62))-(('Verificación FIN 1-20'!G63)+('Verificación FIN 1-20'!G62)))/H7 -> 6.6949835 | D67: =(('Verificación FIN 1-20'!E63)+('Verificación FIN 1-20'!E62))/(('Verificación FIN 1-20'!G63)+('Verificación FIN 1-20'!G62)) -> 5.4345161 | E67: =('Verificación FIN 1-20'!H63+'Verificación FIN 1-20'!H62)/('Verificación FIN 1-20'!F63+'Verificación FIN 1-20'!F62) -> 0.46188778 | F67: =('Verificación FIN 1-20'!J62+'Verificación FIN 1-20'!J63)/('Verificación FIN 1-20'!K62+'Verificación FIN 1-20'!K63) -> 5.0760952 | G67: =('Verificación FIN 1-20'!J62+'Verificación FIN 1-20'!J63)/('Verificación FIN 1-20'!F62+'Verificación FIN 1-20'!F63) -> 0.14471994 | H67: =('Verificación FIN 1-20'!J62+'Verificación FIN 1-20'!J63)/('Verificación FIN 1-20'!I62+'Verificación FIN 1-20'!I63) -> 0.26894007 | I67: =IF(C68="CUMPLE",IF(D68="CUMPLE",IF(E68="CUMPLE",IF(E68="CUMPLE",IF(F68="CUMPLE",IF(G68="CUMPLE",IF(H68="CUMPLE","HABILITADO","NO HABILITADO"),"NO HABILITADO"),"NO HABILITADO"),"NO HABILITADO"),"NO HABILITADO"),"NO HABILITADO")) -> HABILITADO
C68: =IF(C67>=C12,"CUMPLE","NO CUMPLE") -> CUMPLE | D68: =IF(D67>=$D$12,"CUMPLE","NO CUMPLE") -> CUMPLE | E68: =IF(E67<=$E$12,"CUMPLE","NO CUMPLE") -> CUMPLE | F68: =IF(F67="= 0","CUMPLE",IF(F67>=$F$12,"CUMPLE","NO CUMPLE")) -> CUMPLE | G68: =IF(G67>=$G$12,"CUMPLE","NO CUMPLE") -> CUMPLE | H68: =IF(H67>=$H$12,"CUMPLE","NO CUMPLE") -> CUMPLE
A70: =+'Verificación FIN 1-20'!A65 -> 4 | B70: =+'Verificación FIN 1-20'!B65 -> Consorcio INTERSEÑALIZACION GAB. | C70: =((('Verificación FIN 1-20'!E67)+('Verificación FIN 1-20'!E66))-(('Verificación FIN 1-20'!G67)+('Verificación FIN 1-20'!G66)))/H7 -> 2.2375546 | D70: =(('Verificación FIN 1-20'!E67)+('Verificación FIN 1-20'!E66))/(('Verificación FIN 1-20'!G67)+('Verificación FIN 1-20'!G66)) -> 12.554721 | E70: =('Verificación FIN 1-20'!H67+'Verificación FIN 1-20'!H66)/('Verificación FIN 1-20'!F67+'Verificación FIN 1-20'!F66) -> 0.41356552 | F70: =('Verificación FIN 1-20'!J66+'Verificación FIN 1-20'!J67)/('Verificación FIN 1-20'!K66+'Verificación FIN 1-20'!K67) -> 572.85763 | G70: =('Verificación FIN 1-20'!J66+'Verificación FIN 1-20'!J67)/('Verificación FIN 1-20'!F66+'Verificación FIN 1-20'!F67) -> 0.071492433 | H70: =('Verificación FIN 1-20'!J66+'Verificación FIN 1-20'!J67)/('Verificación FIN 1-20'!I66+'Verificación FIN 1-20'!I67) -> 0.12191035 | I70: =IF(C71="CUMPLE",IF(D71="CUMPLE",IF(E71="CUMPLE",IF(E71="CUMPLE",IF(F71="CUMPLE",IF(G71="CUMPLE",IF(H71="CUMPLE","HABILITADO","NO HABILITADO"),"NO HABILITADO"),"NO HABILITADO"),"NO HABILITADO"),"NO HABILITADO"),"NO HABILITADO")) -> HABILITADO
C71: =IF(C70>=C12,"CUMPLE","NO CUMPLE") -> CUMPLE | D71: =IF(D70>=$D$12,"CUMPLE","NO CUMPLE") -> CUMPLE | E71: =IF(E70<=$E$12,"CUMPLE","NO CUMPLE") -> CUMPLE | F71: =IF(F70="= 0","CUMPLE",IF(F70>=$F$12,"CUMPLE","NO CUMPLE")) -> CUMPLE | G71: =IF(G70>=$G$12,"CUMPLE","NO CUMPLE") -> CUMPLE | H71: =IF(H70>=$H$12,"CUMPLE","NO CUMPLE") -> CUMPLE
A73: =+'Verificación FIN 1-20'!A69 -> 11 | B73: =+'Verificación FIN 1-20'!B69 -> UMBRELLA INTERNATIONAL S.A.S, | C73: =('Verificación FIN 1-20'!E69-'Verificación FIN 1-20'!G69)/$H$7 -> 3.1286336 | D73: =+'Verificación FIN 1-20'!E69/'Verificación FIN 1-20'!G69 -> 62.43451 | E73: =+'Verificación FIN 1-20'!H69/'Verificación FIN 1-20'!F69 -> 0.028772218 | F73: =('Verificación FIN 1-20'!J69/('Verificación FIN 1-20'!K69)) -> 5675.7984 | G73: =+'Verificación FIN 1-20'!J69/'Verificación FIN 1-20'!F69 -> 0.1026344 | H73: =+'Verificación FIN 1-20'!J69/'Verificación FIN 1-20'!I69 -> 0.1056749 | I73: =IF(C74="CUMPLE",IF(D74="CUMPLE",IF(E74="CUMPLE",IF(E74="CUMPLE",IF(F74="CUMPLE",IF(G74="CUMPLE",IF(H74="CUMPLE","HABILITADO","NO HABILITADO"),"NO HABILITADO"),"NO HABILITADO"),"NO HABILITADO"),"NO HABILITADO"),"NO HABILITADO")) -> HABILITADO
C74: =IF(C73>=C12,"CUMPLE","NO CUMPLE") -> CUMPLE | D74: =IF(D73>=$D$12,"CUMPLE","NO CUMPLE") -> CUMPLE | E74: =IF(E73<=$E$12,"CUMPLE","NO CUMPLE") -> CUMPLE | F74: =IF(F73="= 0","CUMPLE",IF(F73>=$F$12,"CUMPLE","NO CUMPLE")) -> CUMPLE | G74: =IF(G73>=$G$12,"CUMPLE","NO CUMPLE") -> CUMPLE | H74: =IF(H73>=$H$12,"CUMPLE","NO CUMPLE") -> CUMPLE
B83: MARIA CAROLINA DIAZ GOMEZ | G83: ANDRY HUERTAS
B84: CONTRATISTA - DIRECCION DE SERVICIOS DE LA MOVILIDAD Y SEDES OPERAIAS EN TRANSITO | G84: CONTRATISTA -

Sheet Verificación FIN 21-37 MIPYMES
A7: OBJETO | B7: =+'Verificación FIN 21-37'!B2 -> REALIZAR LA GERENCIA INTEGRAL PARA LA INTERVENTORÍA TÉCNICA, ADMINISTRATIVA, FINANCIERA, OPERATIVA, JURÍDICA, AMBIENTAL Y SOCIAL AL CONTRATO CUYO OBJETO ES: IMPLEMENTAR INTERVENCIONES EN INFRAESTRUCTURA VIAL PARA MEJORAR LAS CONDICIONES DE SEGURIDAD VIAL Y MITIGAR RIESGOS EN PUNTOS CRÍTICOS PRIORIZADOS A CARGO DEL DEPARTAMENTO DE CUNDINAMARCA | E7: PROCESO | F7: =+'Verificación FIN 21-37'!G1 -> STM - CM-293-2024 | G7: presupuesto del proceso | H7: =+'Verificación FIN 21-37'!I1 -> 1651573120 | I7: PLAZO 11 meses
A8: VERIFICACIÓN DE CUMPLIMIENTO DE REQUISITOS FINANCIEROS Y ORGANIZACIONALES MINIMOS HABILITANTES
C9: CAPACIDAD FINANCIERA | G9: CAPACIDAD ORGANIZACIONAL
C10: CAPITAL DE TRABAJO | D10: LIQUIDEZ | E10: ENDEUDAMIENTO | F10: COBERTURA INTERESES | G10: RENTABILIDAD SOBRE ACTIVOS | H10: RENTABILIDAD SOBRE PATRIMONIO
B11: REQUISITO ESTABLECIDO | C11: MAYOR O IGUAL A | D11: MAYOR O IGUAL A | E11: MENOR O IGUAL A | F11: MAYOR O IGUAL A | G11: MAYOR O IGUAL A | H11: MAYOR O IGUAL A
B12: INDICADORES FINANCIEROS PARA MIPYMES | C12: 0.1 | D12: 1.11 | E12: 0.75 | F12: 0 | G12: 0 | H12: 0
B13: INDICADORES FINANCIEROS PARA GRANDES EMPRESAS O QUE NO SON MIPYMES | C13: 0.1 | D13: 1.21 | E13: 0.7 | F13: 1 | G13: 0.02 | H13: 0.04
C14: =+C12*H7 -> 165157312 | I14: RESULTADO CAPACIDAD FINANCIERA Y ORGANIZACIONAL
A16: =+'Verificación FIN 21-37'!A8 -> 21 | B16: =+'Verificación FIN 21-37'!B8 -> COBA B&C SAS | C16: =('Verificación FIN 21-37'!E8-'Verificación FIN 21-37'!G8)/$H$7 -> 0.37834522 | D16: =+'Verificación FIN 21-37'!E8/'Verificación FIN 21-37'!G8 -> 2.008251 | E16: =+'Verificación FIN 21-37'!H8/'Verificación FIN 21-37'!F8 -> 0.49794572 | F16: INDETERMINADO | G16: =+'Verificación FIN 21-37'!J8/'Verificación FIN 21-37'!F8 -> 0.10946054 | H16: =+'Verificación FIN 21-37'!J8/'Verificación FIN 21-37'!I8 -> 0.21802532 | I16: =IF(C17="CUMPLE",IF(D17="CUMPLE",IF(E17="CUMPLE",IF(E17="CUMPLE",IF(F17="CUMPLE",IF(G17="CUMPLE",IF(H17="CUMPLE","HABILITADO","NO HABILITADO"),"NO HABILITADO"),"NO HABILITADO"),"NO HABILITADO"),"NO HABILITADO"),"NO HABILITADO")) -> HABILITADO
C17: =IF(C16>=C12,"CUMPLE","NO CUMPLE") -> CUMPLE | D17: =IF(D16>=$D$12,"CUMPLE","NO CUMPLE") -> CUMPLE | E17: =IF(E16<=$E$12,"CUMPLE","NO CUMPLE") -> CUMPLE | F17: =IF(F16="= 0","CUMPLE",IF(F16>=$F$12,"CUMPLE","NO CUMPLE")) -> CUMPLE | G17: =IF(G16>=$G$12,"CUMPLE","NO CUMPLE") -> CUMPLE | H17: =IF(H16>=$H$12,"CUMPLE","NO CUMPLE") -> CUMPLE
A19: =+'Verificación FIN 21-37'!A10 -> 24 | B19: =+'Verificación FIN 21-37'!B10 -> PROYECTOS CONSTRUCCIONES CIVILES Y VIALES S.A.S | C19: =('Verificación FIN 21-37'!E10-'Verificación FIN 21-37'!G10)/$H$7 -> 0.61045578 | D19: =+'Verificación FIN 21-37'!E10/'Verificación FIN 21-37'!G10 -> 1.7596966 | E19: =+'Verificación FIN 21-37'!H10/'Verificación FIN 21-37'!F10 -> 0.54093281 | F19: =('Verificación FIN 21-37'!J10*'Verificación FIN 21-37'!D10)/('Verificación FIN 21-37'!K10*'Verificación FIN 21-37'!D10) -> 10.228316 | G19: =+'Verificación FIN 21-37'!J10/'Verificación FIN 21-37'!F10 -> 0.048553378 | H19: =+'Verificación FIN 21-37'!J10/'Verificación FIN 21-37'!I10 -> 0.1057653 | I19: =IF(C20="CUMPLE",IF(D20="CUMPLE",IF(E20="CUMPLE",IF(E20="CUMPLE",IF(F20="CUMPLE",IF(G20="CUMPLE",IF(H20="CUMPLE","HABILITADO","NO HABILITADO"),"NO HABILITADO"),"NO HABILITADO"),"NO HABILITADO"),"NO HABILITADO"),"NO HABILITADO")) -> HABILITADO
C20: =IF(C19>=C12,"CUMPLE","NO CUMPLE") -> CUMPLE | D20: =IF(D19>=$D$12,"CUMPLE","NO CUMPLE") -> CUMPLE | E20: =IF(E19<=$E$12,"CUMPLE","NO CUMPLE") -> CUMPLE | F20: =IF(F19="= 0","CUMPLE",IF(F19>=$F$12,"CUMPLE","NO CUMPLE")) -> CUMPLE | G20: =IF(G19>=$G$12,"CUMPLE","NO CUMPLE") -> CUMPLE | H20: =IF(H19>=$H$12,"CUMPLE","NO CUMPLE") -> CUMPLE
A22: =+'Verificación FIN 21-37'!A12 -> 25 | B22: =+'Verificación FIN 21-37'!B12 -> RESTREPO Y URIBE S A S | C22: =('Verificación FIN 21-37'!E12-'Verificación FIN 21-37'!G12)/$H$7 -> 7.4811062 | D22: =+'Verificación FIN 21-37'!E12/'Verificación FIN 21-37'!G12 -> 2.891012 | E22: =+'Verificación FIN 21-37'!H12/'Verificación FIN 21-37'!F12 -> 0.33358294 | F22: INDETERMINADO | G22: =+'Verificación FIN 21-37'!J12/'Verificación FIN 21-37'!F12 -> 0.058207838 | H22: =+'Verificación FIN 21-37'!J12/'Verificación FIN 21-37'!I12 -> 0.08734446 | I22: =IF(C23="CUMPLE",IF(D23="CUMPLE",IF(E23="CUMPLE",IF(E23="CUMPLE",IF(F23="CUMPLE",IF(G23="CUMPLE",IF(H23="CUMPLE","HABILITADO","NO HABILITADO"),"NO HABILITADO"),"NO HABILITADO"),"NO HABILITADO"),"NO HABILITADO"),"NO HABILITADO")) -> HABILITADO
C23: =IF(C22>=C12,"CUMPLE","NO CUMPLE") -> CUMPLE | D23: =IF(D22>=$D$12,"CUMPLE","NO CUMPLE") -> CUMPLE | E23: =IF(E22<=$E$12,"CUMPLE","NO CUMPLE") -> CUMPLE | F23: =IF(F22="= 0","CUMPLE",IF(F22>=$F$12,"CUMPLE","NO CUMPLE")) -> CUMPLE | G23: =IF(G22>=$G$12,"CUMPLE","NO CUMPLE") -> CUMPLE | H23: =IF(H22>=$H$12,"CUMPLE","NO CUMPLE") -> CUMPLE
A26: =+'Verificación FIN 21-37'!A14 -> 22 | B26: =+'Verificación FIN 21-37'!B14 -> CONSORCIO ECO INFRAESTRUCTURA | C26: =((('Verificación FIN 21-37'!E16)+('Verificación FIN 21-37'!E15))-(('Verificación FIN 21-37'!G15)+('Verificación FIN 21-37'!G16)))/H7 -> 8.7458585 | D26: =(('Verificación FIN 21-37'!E16)+('Verificación FIN 21-37'!E15))/(('Verificación FIN 21-37'!G15)+('Verificación FIN 21-37'!G16)) -> 5.4178766 | E26: =('Verificación FIN 21-37'!H15+'Verificación FIN 21-37'!H16)/('Verificación FIN 21-37'!F15+'Verificación FIN 21-37'!F16) -> 0.46434816 | F26: =('Verificación FIN 21-37'!J15+'Verificación FIN 21-37'!J16)/('Verificación FIN 21-37'!K15+'Verificación FIN 21-37'!K16) -> 54024.18 | G26: =('Verificación FIN 21-37'!J15+'Verificación FIN 21-37'!J16)/('Verificación FIN 21-37'!F15+'Verificación FIN 21-37'!F16) -> 0.15860905 | H26: =('Verificación FIN 21-37'!J15+'Verificación FIN 21-37'!J16)/('Verificación FIN 21-37'!I15+'Verificación FIN 21-37'!I16) -> 0.29610474 | I26: =IF(C27="CUMPLE",IF(D27="CUMPLE",IF(E27="CUMPLE",IF(E27="CUMPLE",IF(F27="CUMPLE",IF(G27="CUMPLE",IF(H27="CUMPLE","HABILITADO","NO HABILITADO"),"NO HABILITADO"),"NO HABILITADO"),"NO HABILITADO"),"NO HABILITADO"),"NO HABILITADO")) -> HABILITADO
C27: =IF(C26>=C12,"CUMPLE","NO CUMPLE") -> CUMPLE | D27: =IF(D26>=$D$12,"CUMPLE","NO CUMPLE") -> CUMPLE | E27: =IF(E26<=$E$12,"CUMPLE","NO CUMPLE") -> CUMPLE | F27: =IF(F26="= 0","CUMPLE",IF(F26>=$F$12,"CUMPLE","NO CUMPLE")) -> CUMPLE | G27: =IF(G26>=$G$12,"CUMPLE","NO CUMPLE") -> CUMPLE | H27: =IF(H26>=$H$12,"CUMPLE","NO CUMPLE") -> CUMPLE
A29: =+'Verificación FIN 21-37'!A18 -> 36 | B29: =+'Verificación FIN 21-37'!B18 -> VELNEC S.A. | C29: =('Verificación FIN 21-37'!E18-'Verificación FIN 21-37'!G18)/$H$7 -> 2.4087157 | D29: =+'Verificación FIN 21-37'!E18/'Verificación FIN 21-37'!G18 -> 2.4518036 | E29: =+'Verificación FIN 21-37'!H18/'Verificación FIN 21-37'!F18 -> 0.42894826 | F29: =('Verificación FIN 21-37'!J18*'Verificación FIN 21-37'!D18)/('Verificación FIN 21-37'!K18*'Verificación FIN 21-37'!D18) -> 4.9629809 | G29: =+'Verificación FIN 21-37'!J18/'Verificación FIN 21-37'!F18 -> 0.052521443 | H29: =+'Verificación FIN 21-37'!J18/'Verificación FIN 21-37'!I18 -> 0.091973178 | I29: =IF(C30="CUMPLE",IF(D30="CUMPLE",IF(E30="CUMPLE",IF(E30="CUMPLE",IF(F30="CUMPLE",IF(G30="CUMPLE",IF(H30="CUMPLE","HABILITADO","NO HABILITADO"),"NO HABILITADO"),"NO HABILITADO"),"NO HABILITADO"),"NO HABILITADO"),"NO HABILITADO")) -> HABILITADO
C30: =IF(C29>=C12,"CUMPLE","NO CUMPLE") -> CUMPLE | D30: =IF(D29>=$D$12,"CUMPLE","NO CUMPLE") -> CUMPLE | E30: =IF(E29<=$E$12,"CUMPLE","NO CUMPLE") -> CUMPLE | F30: =IF(F29="= 0","CUMPLE",IF(F29>=$F$12,"CUMPLE","NO CUMPLE")) -> CUMPLE | G30: =IF(G29>=$G$12,"CUMPLE","NO CUMPLE") -> CUMPLE | H30: =IF(H29>=$H$12,"CUMPLE","NO CUMPLE") -> CUMPLE
A32: =+'Verificación FIN 21-37'!A20 -> 23 | B32: =+'Verificación FIN 21-37'!B20 -> CONSORCIO OBRAS URBANAS | C32: =((('Verificación FIN 21-37'!E21)+('Verificación FIN 21-37'!E22)+('Verificación FIN 21-37'!E23))-(('Verificación FIN 21-37'!G21)+('Verificación FIN 21-37'!G22)+('Verificación FIN 21-37'!G23)))/H7 -> 1.5747299 | D32: =(('Verificación FIN 21-37'!E21)+('Verificación FIN 21-37'!E22)+('Verificación FIN 21-37'!E23))/(('Verificación FIN 21-37'!G21)+('Verificación FIN 21-37'!G22)+('Verificación FIN 21-37'!G23)) -> 10.615116 | E32: =('Verificación FIN 21-37'!H21+'Verificación FIN 21-37'!H22+'Verificación FIN 21-37'!H23)/('Verificación FIN 21-37'!F21+'Verificación FIN 21-37'!F22+'Verificación FIN 21-37'!F23) -> 0.27394481 | F32: =('Verificación FIN 21-37'!J21+'Verificación FIN 21-37'!J22+'Verificación FIN 21-37'!J23)/('Verificación FIN 21-37'!K21+'Verificación FIN 21-37'!K22+'Verificación FIN 21-37'!K23) -> 159.42577 | G32: =('Verificación FIN 21-37'!J21+'Verificación FIN 21-37'!J22+'Verificación FIN 21-37'!J23)/('Verificación FIN 21-37'!F21+'Verificación FIN 21-37'!F22+'Verificación FIN 21-37'!F23) -> 0.063288695 | H32: =('Verificación FIN 21-37'!J21+'Verificación FIN 21-37'!J22+'Verificación FIN 21-37'!J23)/('Verificación FIN 21-37'!I21+'Verificación FIN 21-37'!I22+'Verificación FIN 21-37'!I23) -> 0.087167884 | I32: =IF(C33="CUMPLE",IF(D33="CUMPLE",IF(E33="CUMPLE",IF(E33="CUMPLE",IF(F33="CUMPLE",IF(G33="CUMPLE",IF(H33="CUMPLE","HABILITADO","NO HABILITADO"),"NO HABILITADO"),"NO HABILITADO"),"NO HABILITADO"),"NO HABILITADO"),"NO HABILITADO")) -> HABILITADO
C33: =IF(C32>=C12,"CUMPLE","NO CUMPLE") -> CUMPLE | D33: =IF(D32>=$D$12,"CUMPLE","NO CUMPLE") -> CUMPLE | E33: =IF(E32<=$E$12,"CUMPLE","NO CUMPLE") -> CUMPLE | F33: =IF(F32="= 0","CUMPLE",IF(F32>=$F$12,"CUMPLE","NO CUMPLE")) -> CUMPLE | G33: =IF(G32>=$G$12,"CUMPLE","NO CUMPLE") -> CUMPLE | H33: =IF(H32>=$H$12,"CUMPLE","NO CUMPLE") -> CUMPLE
A35: =+'Verificación FIN 21-37'!A25 -> 26 | B35: =+'Verificación FIN 21-37'!B25 -> CONSORCIO ALMA-INTERNOVAC | C35: =((('Verificación FIN 21-37'!E26)+('Verificación FIN 21-37'!E27))-(('Verificación FIN 21-37'!G26)+('Verificación FIN 21-37'!G27)))/H7 -> 1.7544997 | D35: =(('Verificación FIN 21-37'!E26)+('Verificación FIN 21-37'!E27))/(('Verificación FIN 21-37'!G26)+('Verificación FIN 21-37'!G27)) -> 6.9144914 | E35: =('Verificación FIN 21-37'!H26+'Verificación FIN 21-37'!H27)/('Verificación FIN 21-37'!F26+'Verificación FIN 21-37'!F27) -> 0.41526249 | F35: =('Verificación FIN 21-37'!J26+'Verificación FIN 21-37'!J27)/('Verificación FIN 21-37'!K26+'Verificación FIN 21-37'!K26) -> 439.99896 | G35: =('Verificación FIN 21-37'!J26+'Verificación FIN 21-37'!J27)/('Verificación FIN 21-37'!F26+'Verificación FIN 21-37'!F27) -> 0.16434729 | H35: =('Verificación FIN 21-37'!J26+'Verificación FIN 21-37'!J27)/('Verificación FIN 21-37'!I26+'Verificación FIN 21-37'!I27) -> 0.2147785 | I35: =IF(C36="CUMPLE",IF(D36="CUMPLE",IF(E36="CUMPLE",IF(E36="CUMPLE",IF(F36="CUMPLE",IF(G36="CUMPLE",IF(H36="CUMPLE","HABILITADO","NO HABILITADO"),"NO HABILITADO"),"NO HABILITADO"),"NO HABILITADO"),"NO HABILITADO"),"NO HABILITADO")) -> HABILITADO
C36: =IF(C35>=C13,"CUMPLE","NO CUMPLE") -> CUMPLE | D36: =IF(D35>=$D$13,"CUMPLE","NO CUMPLE") -> CUMPLE | E36: =IF(E35<=$E$13,"CUMPLE","NO CUMPLE") -> CUMPLE | F36: =IF(F35="= 0","CUMPLE",IF(F35>=$F$13,"CUMPLE","NO CUMPLE")) -> CUMPLE | G36: =IF(G35>=$G$13,"CUMPLE","NO CUMPLE") -> CUMPLE | H36: =IF(H35>=$H$13,"CUMPLE","NO CUMPLE") -> CUMPLE
A38: =+'Verificación FIN 21-37'!A29 -> 27 | B38: =+'Verificación FIN 21-37'!B29 -> CONSORCIO CIVILPROJECT II. | C38: =((('Verificación FIN 21-37'!E30)+('Verificación FIN 21-37'!E31))-(('Verificación FIN 21-37'!G30)+('Verificación FIN 21-37'!G31)))/H7 -> 1.0977363 | D38: =(('Verificación FIN 21-37'!E30)+('Verificación FIN 21-37'!E31))/(('Verificación FIN 21-37'!G30)+('Verificación FIN 21-37'!G31)) -> 8.9234437 | E38: =('Verificación FIN 21-37'!H30+'Verificación FIN 21-37'!H31)/('Verificación FIN 21-37'!F30+'Verificación FIN 21-37'!F31) -> 0.20324387 | F38: INDETERMINADO | G38: =('Verificación FIN 21-37'!J30+'Verificación FIN 21-37'!J31)/('Verificación FIN 21-37'!F30+'Verificación FIN 21-37'!F31) -> 0.20937138 | H38: =('Verificación FIN 21-37'!J30+'Verificación FIN 21-37'!J31)/('Verificación FIN 21-37'!I30+'Verificación FIN 21-37'!I31) -> 0.26277975 | I38: =IF(C39="CUMPLE",IF(D39="CUMPLE",IF(E39="CUMPLE",IF(E39="CUMPLE",IF(F39="CUMPLE",IF(G39="CUMPLE",IF(H39="CUMPLE","HABILITADO","NO HABILITADO"),"NO HABILITADO"),"NO HABILITADO"),"NO HABILITADO"),"NO HABILITADO"),"NO HABILITADO")) -> HABILITADO
C39: =IF(C38>=C12,"CUMPLE","NO CUMPLE") -> CUMPLE | D39: =IF(D38>=$D$12,"CUMPLE","NO CUMPLE") -> CUMPLE | E39: =IF(E38<=$E$12,"CUMPLE","NO CUMPLE") -> CUMPLE | F39: =IF(F38="= 0","CUMPLE",IF(F38>=$F$12,"CUMPLE","NO CUMPLE")) -> CUMPLE | G39: =IF(G38>=$G$12,"CUMPLE","NO CUMPLE") -> CUMPLE | H39: =IF(H38>=$H$12,"CUMPLE","NO CUMPLE") -> CUMPLE
A41: =+'Verificación FIN 21-37'!A33 -> 28 | B41: =+'Verificación FIN 21-37'!B33 -> CONSORCIO CONSTRUGAVI 293 | C41: =((('Verificación FIN 21-37'!E34)+('Verificación FIN 21-37'!E35))-(('Verificación FIN 21-37'!G34)+('Verificación FIN 21-37'!G35)))/H7 -> 6.1782458 | D41: =(('Verificación FIN 21-37'!E34)+('Verificación FIN 21-37'!E35))/(('Verificación FIN 21-37'!G34)+('Verificación FIN 21-37'!G35)) -> 3.2350036 | E41: =('Verificación FIN 21-37'!H34+'Verificación FIN 21-37'!H35)/('Verificación FIN 21-37'!F34+'Verificación FIN 21-37'!F35) -> 0.4301364 | F41: =('Verificación FIN 21-37'!J35+'Verificación FIN 21-37'!J34)/('Verificación FIN 21-37'!K35+'Verificación FIN 21-37'!K34) -> 5.5965828 | G41: =('Verificación FIN 21-37'!J35+'Verificación FIN 21-37'!J34)/('Verificación FIN 21-37'!F35+'Verificación FIN 21-37'!F34) -> 0.26860307 | H41: =('Verificación FIN 21-37'!J35+'Verificación FIN 21-37'!J34)/('Verificación FIN 21-37'!I35+'Verificación FIN 21-37'!I34) -> 0.47134625 | I41: =IF(C42="CUMPLE",IF(D42="CUMPLE",IF(E42="CUMPLE",IF(E42="CUMPLE",IF(F42="CUMPLE",IF(G42="CUMPLE",IF(H42="CUMPLE","HABILITADO","NO HABILITADO"),"NO HABILITADO"),"NO HABILITADO"),"NO HABILITADO"),"NO HABILITADO"),"NO HABILITADO")) -> HABILITADO
C42: =IF(C41>=C12,"CUMPLE","NO CUMPLE") -> CUMPLE | D42: =IF(D41>=$D$12,"CUMPLE","NO CUMPLE") -> CUMPLE | E42: =IF(E41<=$E$12,"CUMPLE","NO CUMPLE") -> CUMPLE | F42: =IF(F41="= 0","CUMPLE",IF(F41>=$F$12,"CUMPLE","NO CUMPLE")) -> CUMPLE | G42: =IF(G41>=$G$12,"CUMPLE","NO CUMPLE") -> CUMPLE | H42: =IF(H41>=$H$12,"CUMPLE","NO CUMPLE") -> CUMPLE
A44: =+'Verificación FIN 21-37'!A37 -> 29 | B44: =+'Verificación FIN 21-37'!B37 -> CONSORCIO SEGVIAL CUNDINAMARCA. | C44: =((('Verificación FIN 21-37'!E39)+('Verificación FIN 21-37'!E38))-(('Verificación FIN 21-37'!G39)+('Verificación FIN 21-37'!G38)))/H7 -> 13.733236 | D44: =(('Verificación FIN 21-37'!E39)+('Verificación FIN 21-37'!E38))/(('Verificación FIN 21-37'!G39)+('Verificación FIN 21-37'!G38)) -> 2.5771263 | E44: =('Verificación FIN 21-37'!H39+'Verificación FIN 21-37'!H38)/('Verificación FIN 21-37'!F39+'Verificación FIN 21-37'!F38) -> 0.58213998 | F44: INDETERMINADO | G44: =('Verificación FIN 21-37'!J38+'Verificación FIN 21-37'!J39)/('Verificación FIN 21-37'!F38+'Verificación FIN 21-37'!F39) -> 0.043628068 | H44: =('Verificación FIN 21-37'!J38+'Verificación FIN 21-37'!J39)/('Verificación FIN 21-37'!I38+'Verificación FIN 21-37'!I39) -> 0.10440833 | I44: =IF(C45="CUMPLE",IF(D45="CUMPLE",IF(E45="CUMPLE",IF(E45="CUMPLE",IF(F45="CUMPLE",IF(G45="CUMPLE",IF(H45="CUMPLE","HABILITADO","NO HABILITADO"),"NO HABILITADO"),"NO HABILITADO"),"NO HABILITADO"),"NO HABILITADO"),"NO HABILITADO")) -> HABILITADO
C45: =IF(C44>=C12,"CUMPLE","NO CUMPLE") -> CUMPLE | D45: =IF(D44>=$D$12,"CUMPLE","NO CUMPLE") -> CUMPLE | E45: =IF(E44<=$E$12,"CUMPLE","NO CUMPLE") -> CUMPLE | F45: =IF(F44="= 0","CUMPLE",IF(F44>=$F$12,"CUMPLE","NO CUMPLE")) -> CUMPLE | G45: =IF(G44>=$G$12,"CUMPLE","NO CUMPLE") -> CUMPLE | H45: =IF(H44>=$H$12,"CUMPLE","NO CUMPLE") -> CUMPLE
A47: =+'Verificación FIN 21-37'!A41 -> 31 | B47: =+'Verificación FIN 21-37'!B41 -> CONSORCIO INTERVENTOR 25 | C47: =((('Verificación FIN 21-37'!E42)+('Verificación FIN 21-37'!E43))-(('Verificación FIN 21-37'!G42)+('Verificación FIN 21-37'!G43)))/H7 -> 3.1361154 | D47: =(('Verificación FIN 21-37'!E42)+('Verificación FIN 21-37'!E43))/(('Verificación FIN 21-37'!G42)+('Verificación FIN 21-37'!G43)) -> 3.2117254 | E47: =('Verificación FIN 21-37'!H42+'Verificación FIN 21-37'!H43)/('Verificación FIN 21-37'!F42+'Verificación FIN 21-37'!F43) -> 0.32524289 | F47: =('Verificación FIN 21-37'!J43+'Verificación FIN 21-37'!J42)/('Verificación FIN 21-37'!K43+'Verificación FIN 21-37'!K42) -> 24.30734 | G47: =('Verificación FIN 21-37'!J43+'Verificación FIN 21-37'!J42)/('Verificación FIN 21-37'!F43+'Verificación FIN 21-37'!F42) -> 0.10130318 | H47: =('Verificación FIN 21-37'!J43+'Verificación FIN 21-37'!J42)/('Verificación FIN 21-37'!I43+'Verificación FIN 21-37'!I42) -> 0.1501328 | I47: =IF(C48="CUMPLE",IF(D48="CUMPLE",IF(E48="CUMPLE",IF(E48="CUMPLE",IF(F48="CUMPLE",IF(G48="CUMPLE",IF(H48="CUMPLE","HABILITADO","NO HABILITADO"),"NO HABILITADO"),"NO HABILITADO"),"NO HABILITADO"),"NO HABILITADO"),"NO HABILITADO")) -> HABILITADO
C48: =IF(C47>=C12,"CUMPLE","NO CUMPLE") -> CUMPLE | D48: =IF(D47>=$D$12,"CUMPLE","NO CUMPLE") -> CUMPLE | E48: =IF(E47<=$E$12,"CUMPLE","NO CUMPLE") -> CUMPLE | F48: =IF(F47="= 0","CUMPLE",IF(F47>=$F$12,"CUMPLE","NO CUMPLE")) -> CUMPLE | G48: =IF(G47>=$G$12,"CUMPLE","NO CUMPLE") -> CUMPLE | H48: =IF(H47>=$H$12,"CUMPLE","NO CUMPLE") -> CUMPLE
A50: =+'Verificación FIN 21-37'!A45 -> 32 | B50: =+'Verificación FIN 21-37'!B45 -> Consorcio INCOPLAN - JCS | C50: =((('Verificación FIN 21-37'!E47)+('Verificación FIN 21-37'!E46))-(('Verificación FIN 21-37'!G47)+('Verificación FIN 21-37'!G46)))/H7 -> 8.4720283 | D50: =(('Verificación FIN 21-37'!E47)+('Verificación FIN 21-37'!E46))/(('Verificación FIN 21-37'!G47)+('Verificación FIN 21-37'!G46)) -> 4.6859997 | E50: =('Verificación FIN 21-37'!H47+'Verificación FIN 21-37'!H46)/('Verificación FIN 21-37'!F47+'Verificación FIN 21-37'!F46) -> 0.44329898 | F50: =('Verificación FIN 21-37'!J46+'Verificación FIN 21-37'!J47)/('Verificación FIN 21-37'!K46+'Verificación FIN 21-37'!K47) -> 282.21921 | G50: =('Verificación FIN 21-37'!J46+'Verificación FIN 21-37'!J47)/('Verificación FIN 21-37'!F46+'Verificación FIN 21-37'!F47) -> 0.61923156 | H50: =('Verificación FIN 21-37'!J46+'Verificación FIN 21-37'!J47)/('Verificación FIN 21-37'!I46+'Verificación FIN 21-37'!I47) -> 0.39198151 | I50: =IF(C51="CUMPLE",IF(D51="CUMPLE",IF(E51="CUMPLE",IF(E51="CUMPLE",IF(F51="CUMPLE",IF(G51="CUMPLE",IF(H51="CUMPLE","HABILITADO","NO HABILITADO"),"NO HABILITADO"),"NO HABILITADO"),"NO HABILITADO"),"NO HABILITADO"),"NO HABILITADO")) -> HABILITADO
C51: =IF(C50>=C12,"CUMPLE","NO CUMPLE") -> CUMPLE | D51: =IF(D50>=$D$12,"CUMPLE","NO CUMPLE") -> CUMPLE | E51: =IF(E50<=$E$12,"CUMPLE","NO CUMPLE") -> CUMPLE | F51: =IF(F50="= 0","CUMPLE",IF(F50>=$F$12,"CUMPLE","NO CUMPLE")) -> CUMPLE | G51: =IF(G50>=$G$12,"CUMPLE","NO CUMPLE") -> CUMPLE | H51: =IF(H50>=$H$12,"CUMPLE","NO CUMPLE") -> CUMPLE
A53: =+'Verificación FIN 21-37'!A49 -> 33 | B53: =+'Verificación FIN 21-37'!B49 -> CONSORCIO INT SEGURIDAD VIAL. | C53: =((('Verificación FIN 21-37'!E50)+('Verificación FIN 21-37'!E52+'Verificación FIN 21-37'!E51))-(('Verificación FIN 21-37'!G50+'Verificación FIN 21-37'!G51)+('Verificación FIN 21-37'!G52)))/H7 -> 1.0247525 | D53: =(('Verificación FIN 21-37'!E50)+'Verificación FIN 21-37'!E51+('Verificación FIN 21-37'!E52))/(('Verificación FIN 21-37'!G50+'Verificación FIN 21-37'!G51)+('Verificación FIN 21-37'!G52)) -> 1.8272589 | E53: =('Verificación FIN 21-37'!H50+'Verificación FIN 21-37'!H51+'Verificación FIN 21-37'!H52)/('Verificación FIN 21-37'!F50+'Verificación FIN 21-37'!F52+'Verificación FIN 21-37'!F51) -> 0.61402728 | F53: =('Verificación FIN 21-37'!J52+'Verificación FIN 21-37'!J50+'Verificación FIN 21-37'!J51)/('Verificación FIN 21-37'!K52+'Verificación FIN 21-37'!K50+'Verificación FIN 21-37'!K51) -> 52.694768 | G53: =('Verificación FIN 21-37'!J52+'Verificación FIN 21-37'!J50+'Verificación FIN 21-37'!J51)/('Verificación FIN 21-37'!F52+'Verificación FIN 21-37'!F50+'Verificación FIN 21-37'!F51) -> 0.045084426 | H53: =('Verificación FIN 21-37'!J52+'Verificación FIN 21-37'!J50)/('Verificación FIN 21-37'!I52+'Verificación FIN 21-37'!I50) -> 0.012012657 | I53: =IF(C54="CUMPLE",IF(D54="CUMPLE",IF(E54="CUMPLE",IF(E54="CUMPLE",IF(F54="CUMPLE",IF(G54="CUMPLE",IF(H54="CUMPLE","HABILITADO","NO HABILITADO"),"NO HABILITADO"),"NO HABILITADO"),"NO HABILITADO"),"NO HABILITADO"),"NO HABILITADO")) -> HABILITADO
C54: =IF(C53>=C12,"CUMPLE","NO CUMPLE") -> CUMPLE | D54: =IF(D53>=$D$12,"CUMPLE","NO CUMPLE") -> CUMPLE | E54: =IF(E53<=$E$12,"CUMPLE","NO CUMPLE") -> CUMPLE | F54: =IF(F53="= 0","CUMPLE",IF(F53>=$F$12,"CUMPLE","NO CUMPLE")) -> CUMPLE | G54: =IF(G53>=$G$12,"CUMPLE","NO CUMPLE") -> CUMPLE | H54: =IF(H53>=$H$12,"CUMPLE","NO CUMPLE") -> CUMPLE
A56: =+'Verificación FIN 21-37'!A55 -> 34 | B56: =+'Verificación FIN 21-37'!B55 -> Consorcio INTERVENTORIA MOVIL | C56: =((('Verificación FIN 21-37'!E56)+('Verificación FIN 21-37'!E57))-(('Verificación FIN 21-37'!G56)+('Verificación FIN 21-37'!G57)))/H7 -> 4.3653376 | D56: =(('Verificación FIN 21-37'!E56)+('Verificación FIN 21-37'!E57))/(('Verificación FIN 21-37'!G56)+('Verificación FIN 21-37'!G57)) -> 3.4951006 | E56: =('Verificación FIN 21-37'!H56+'Verificación FIN 21-37'!H57)/('Verificación FIN 21-37'!F56+'Verificación FIN 21-37'!F57) -> 0.48596032 | F56: =('Verificación FIN 21-37'!J57+'Verificación FIN 21-37'!J56)/('Verificación FIN 21-37'!K57+'Verificación FIN 21-37'!K56) -> 5.5333318 | G56: =('Verificación FIN 21-37'!J57+'Verificación FIN 21-37'!J56)/('Verificación FIN 21-37'!F57+'Verificación FIN 21-37'!F56) -> 0.047530641 | H56: =('Verificación FIN 21-37'!J57+'Verificación FIN 21-37'!J56)/('Verificación FIN 21-37'!I57+'Verificación FIN 21-37'!I56) -> 0.092464925 | I56: =IF(C57="CUMPLE",IF(D57="CUMPLE",IF(E57="CUMPLE",IF(E57="CUMPLE",IF(F57="CUMPLE",IF(G57="CUMPLE",IF(H57="CUMPLE","HABILITADO","NO HABILITADO"),"NO HABILITADO"),"NO HABILITADO"),"NO HABILITADO"),"NO HABILITADO"),"NO HABILITADO")) -> HABILITADO
C57: =IF(C56>=C12,"CUMPLE","NO CUMPLE") -> CUMPLE | D57: =IF(D56>=$D$12,"CUMPLE","NO CUMPLE") -> CUMPLE | E57: =IF(E56<=$E$12,"CUMPLE","NO CUMPLE") -> CUMPLE | F57: =IF(F56="= 0","CUMPLE",IF(F56>=$F$12,"CUMPLE","NO CUMPLE")) -> CUMPLE | G57: =IF(G56>=$G$12,"CUMPLE","NO CUMPLE") -> CUMPLE | H57: =IF(H56>=$H$12,"CUMPLE","NO CUMPLE") -> CUMPLE
A59: =+'Verificación FIN 21-37'!A59 -> 35 | B59: =+'Verificación FIN 21-37'!B59 -> CONSORCIO INTERVOJ. | C59: =((('Verificación FIN 21-37'!E62)+'Verificación FIN 21-37'!E60+('Verificación FIN 21-37'!E61))-(('Verificación FIN 21-37'!G62+'Verificación FIN 21-37'!G60)+('Verificación FIN 21-37'!G61)))/H7 -> 0.63111701 | D59: =(('Verificación FIN 21-37'!E62+'Verificación FIN 21-37'!E60)+('Verificación FIN 21-37'!E61))/(('Verificación FIN 21-37'!G62)+('Verificación FIN 21-37'!G61+'Verificación FIN 21-37'!G60)) -> 4.8057029 | E59: =('Verificación FIN 21-37'!H62+'Verificación FIN 21-37'!H61+'Verificación FIN 21-37'!H60)/('Verificación FIN 21-37'!F62+'Verificación FIN 21-37'!F61+'Verificación FIN 21-37'!F60) -> 0.3309411 | F59: =('Verificación FIN 21-37'!J61+'Verificación FIN 21-37'!J62)/('Verificación FIN 21-37'!K61+'Verificación FIN 21-37'!K62) -> 3361.7868 | G59: =('Verificación FIN 21-37'!J61+'Verificación FIN 21-37'!J62)/('Verificación FIN 21-37'!F61+'Verificación FIN 21-37'!F62) -> 0.15718423 | H59: =('Verificación FIN 21-37'!J61+'Verificación FIN 21-37'!J62)/('Verificación FIN 21-37'!I61+'Verificación FIN 21-37'!I62) -> 0.25345372 | I59: =IF(C60="CUMPLE",IF(D60="CUMPLE",IF(E60="CUMPLE",IF(E60="CUMPLE",IF(F60="CUMPLE",IF(G60="CUMPLE",IF(H60="CUMPLE","HABILITADO","NO HABILITADO"),"NO HABILITADO"),"NO HABILITADO"),"NO HABILITADO"),"NO HABILITADO"),"NO HABILITADO")) -> HABILITADO
C60: =IF(C59>=C12,"CUMPLE","NO CUMPLE") -> CUMPLE | D60: =IF(D59>=$D$12,"CUMPLE","NO CUMPLE") -> CUMPLE | E60: =IF(E59<=$E$12,"CUMPLE","NO CUMPLE") -> CUMPLE | F60: =IF(F59="= 0","CUMPLE",IF(F59>=$F$12,"CUMPLE","NO CUMPLE")) -> CUMPLE | G60: =IF(G59>=$G$12,"CUMPLE","NO CUMPLE") -> CUMPLE | H60: =IF(H59>=$H$12,"CUMPLE","NO CUMPLE") -> CUMPLE
A62: =+'Verificación FIN 21-37'!A64 -> 37 | B62: =+'Verificación FIN 21-37'!B64 -> Unión Temporal Los Tréboles. | C62: =((('Verificación FIN 21-37'!E65)+('Verificación FIN 21-37'!E66))-(('Verificación FIN 21-37'!G65)+('Verificación FIN 21-37'!G66)))/H7 -> 5.4515065 | D62: =(('Verificación FIN 21-37'!E65)+('Verificación FIN 21-37'!E66))/(('Verificación FIN 21-37'!G65)+('Verificación FIN 21-37'!G66)) -> 7.2988359 | E62: =('Verificación FIN 21-37'!H65+'Verificación FIN 21-37'!H66)/('Verificación FIN 21-37'!F65+'Verificación FIN 21-37'!F66) -> 0.25594435 | F62: =('Verificación FIN 21-37'!J66+'Verificación FIN 21-37'!J65)/('Verificación FIN 21-37'!K66+'Verificación FIN 21-37'!K65) -> 3.8083386 | G62: =('Verificación FIN 21-37'!J66+'Verificación FIN 21-37'!J65)/('Verificación FIN 21-37'!F66+'Verificación FIN 21-37'!F65) -> 0.044960815 | H62: =('Verificación FIN 21-37'!J66+'Verificación FIN 21-37'!J65)/('Verificación FIN 21-37'!I66+'Verificación FIN 21-37'!I65) -> 0.060426683 | I62: =IF(C63="CUMPLE",IF(D63="CUMPLE",IF(E63="CUMPLE",IF(E63="CUMPLE",IF(F63="CUMPLE",IF(G63="CUMPLE",IF(H63="CUMPLE","HABILITADO","NO HABILITADO"),"NO HABILITADO"),"NO HABILITADO"),"NO HABILITADO"),"NO HABILITADO"),"NO HABILITADO")) -> HABILITADO
C63: =IF(C62>=C12,"CUMPLE","NO CUMPLE") -> CUMPLE | D63: =IF(D62>=$D$12,"CUMPLE","NO CUMPLE") -> CUMPLE | E63: =IF(E62<=$E$12,"CUMPLE","NO CUMPLE") -> CUMPLE | F63: =IF(F62="= 0","CUMPLE",IF(F62>=$F$12,"CUMPLE","NO CUMPLE")) -> CUMPLE | G63: =IF(G62>=$G$12,"CUMPLE","NO CUMPLE") -> CUMPLE | H63: =IF(H62>=$H$12,"CUMPLE","NO CUMPLE") -> CUMPLE
A65: =+'Verificación FIN 21-37'!A68 -> 30 | B65: =+'Verificación FIN 21-37'!B68 -> CONSORCIO VIAL 2024 | C65: =((('Verificación FIN 21-37'!E71)+('Verificación FIN 21-37'!E70)+('Verificación FIN 21-37'!E69))-(('Verificación FIN 21-37'!G71)+('Verificación FIN 21-37'!G70)+('Verificación FIN 21-37'!G69)))/H7 -> 3.4635894 | D65: =(('Verificación FIN 21-37'!E71)+('Verificación FIN 21-37'!E69)+('Verificación FIN 21-37'!E70))/(('Verificación FIN 21-37'!G71)+('Verificación FIN 21-37'!G70)+('Verificación FIN 21-37'!G69)) -> 4.2172832 | E65: =('Verificación FIN 21-37'!H70+'Verificación FIN 21-37'!H69+'Verificación FIN 21-37'!H71)/('Verificación FIN 21-37'!F71+'Verificación FIN 21-37'!F69+'Verificación FIN 21-37'!F70) -> 0.48851908 | F65: =('Verificación FIN 21-37'!J69+'Verificación FIN 21-37'!J70+'Verificación FIN 21-37'!J71)/('Verificación FIN 21-37'!K69+'Verificación FIN 21-37'!K70+'Verificación FIN 21-37'!K71) -> 30.621647 | G65: =('Verificación FIN 21-37'!J69+'Verificación FIN 21-37'!J70+'Verificación FIN 21-37'!J71)/('Verificación FIN 21-37'!F69+'Verificación FIN 21-37'!F70+'Verificación FIN 21-37'!F71) -> 0.17848318 | H65: =('Verificación FIN 21-37'!J69+'Verificación FIN 21-37'!J70+'Verificación FIN 21-37'!J71)/('Verificación FIN 21-37'!I69+'Verificación FIN 21-37'!I70+'Verificación FIN 21-37'!I71) -> 0.3134676 | I65: =IF(C66="CUMPLE",IF(D66="CUMPLE",IF(E66="CUMPLE",IF(E66="CUMPLE",IF(F66="CUMPLE",IF(G66="CUMPLE",IF(H66="CUMPLE","HABILITADO","NO HABILITADO"),"NO HABILITADO"),"NO HABILITADO"),"NO HABILITADO"),"NO HABILITADO"),"NO HABILITADO")) -> HABILITADO
C66: =IF(C65>=C12,"CUMPLE","NO CUMPLE") -> CUMPLE | D66: =IF(D65>=$D$12,"CUMPLE","NO CUMPLE") -> CUMPLE | E66: =IF(E65<=$E$12,"CUMPLE","NO CUMPLE") -> CUMPLE | F66: =IF(F65="= 0","CUMPLE",IF(F65>=$F$12,"CUMPLE","NO CUMPLE")) -> CUMPLE | G66: =IF(G65>=$G$12,"CUMPLE","NO CUMPLE") -> CUMPLE | H66: =IF(H65>=$H$12,"CUMPLE","NO CUMPLE") -> CUMPLE

Sheet Verifiación técnica
A1: PROPONENTE | B1: Habilitación Técnica | C1: Observaciónes
A3: CONSORCIO INTERSEGURIDAD VIAL | B3: CUMPLE
A4: GRUPO METRO COLOMBIA S.A.S | B4: CUMPLE
A5: INGENIEROS CIVILES ESPECIALISTAS S.A.S. | B5: CUMPLE
A6: CONSORCIO INTERSEÑALIZACION GAB | B6: CUMPLE
A7: CONSORCIO INTERVIAL STM | B7: CUMPLE
A8: CONSORCIO INTER SEÑALES G&G | B8: CUMPLE
A9: ALIANZA INTEGRAL DE PROYECTOS SAS BIC | B9: CUMPLE
A10: EMPROCIV SAS | B10: CUMPLE
A11: CONSORCIO SEGURIDAD VIAL CUNDINAMARCA | B11: CUMPLE
A12: ING INGENIERIA S.A.S. | B12: CUMPLE
A13: UMBRELLA INTERNATIONAL SAS | B13: NO CUMPLE | C13: El proponente no adjunta documento alguno en el cual se pueda verificar la información suministrada en el Formato 3 - Experiencia, sin embargo, se encuentran relacionados en el RUP.
A14: CONSORCIO SMA INFRAESTRUCTURA | B14: CUMPLE
A15: JASEN CONSULTORES S.A.S. | B15: CUMPLE
A16: CONSORCIO CIMA-ACTING - | B16: CUMPLE
A17: CONSORCIO SEGURIDAD VIAL SB | B17: CUMPLE
A18: INGCONSASAS | B18: CUMPLE
A19: CONSORCIO ESENDA | B19: CUMPLE
A20: PROYECTOS TECNICOS DE COLOMBIA SAS | B20: CUMPLE
A21: CONSORCIO ARQUIMEDES | B21: NO CUMPLE | C21: El proponente no adjunta documento alguno en el cual se pueda verificar la información suministrada en el Formato 3 - Experiencia, sin embargo, se encuentran relacionados en el RUP.
A22: GERMAN RAMIREZ BARBOSA | B22: NO CUMPLE | C22: 1. El Proponente debe ajustar la experiencia según el Formulario 3 establecido para la experiencia, ya que no concuerda las certificaciones aportadas con los contratos mencionados en el formulario 3, 067 -2007 - formulario y Certificación no. De contrato 045-2007, cumple con el 2 contrato que esta en el formulario 3, pero se debe aclarar las actividades de señalización Vertical y horizontal. 2. No cumple con el Objeto del contrato, establecido para este proceso de Contratación. 3. El proponente debe subsanar la experiencia de las certificaciones.
A23: COBA B&C SAS | B23: NO CUMPLE | C23: El proponente debe ampliar la información de la certificación en referencia a la experiencia del Invias
A24: CONSORCIO ECO INFRAESTRUCTURA | B24: NO CUMPLE | C24: El proponente en la certificación No. 3 que se aporta como experiencia no especifica lo relacionado con el objeto del proceso.
A25: CONSORCIO OBRAS URBANAS | B25: NO CUMPLE | C25: 1. El Proponente del consorcio obras urbanas, en el formato de experiencia No. 3, se anexo el RUP de Luis Humberto Jauregui, al consultar la experiencia reportada en el formato concuerda con lo que describe el RUP, en los SMMLV. Lo cual se debe aclara en el Formato No. 3.
A26: PIV INGENERIA SAS | B26: CUMPLE
A27: RESTREPO Y URIBE | B27: NO CUMPLE | C27: 1. El proponente ele certificación adjunta nombrada RYU 237, para el proceso STM-CM-293-2024, no se especifica las actividades relacionades con el objeto del proceso.
A28: CONSORCIO ALMA - INTERNOVAC | B28: NO CUMPLE | C28: 1. El proponente con las actividades señaladas en cada una de las certificación de FONADE no se identifica el porcentaje de participación de las actividades del objeto del contrato, para el cumplimiento del 60% del presupuesto. 2. El proponente cumple con observación, ya que lo mencionado en el Formato 3 en la segunda fila en la experiencia No. 2, no concuerda los SMMLV del formato con el RUP. 3. No cumple ya que no se aporta el 60% de lo establecido en la Matriz 1. del proceso a contratar. 4. Cumple con observación. El Proponente en la fila 2 en la certificación de FONADE, no concuerda el SMMLV con el RUP. 5. Cumple con observación. El Proponente en la fila 2 en la certificación de FONADE, no concuerda el SMMLV con el RUP.
A29: CIVILPROJECT II | B29: NO CUMPLE | C29: 1. El proponente no cumple el 60% del componente presupuestal como indica el Proceso de Contratación 2. No cumple con el 60% del componente de presupuesto. 3. Cumple con observación ya que en el Formato 3, en la fila 3 de la experiencia no es clara en el Numero Consecutivo del Contrato en el RUP ya que, el numero reportado no corresponde.
A30: CONSORCIO CONSTRUGAVI 293 | B30: NO CUMPLE | C30: Los contratos aportados no cumplen con la relación al objeto del presente proceso
A31: CONSORCIO SEGVIAL CUNDINAMARCA | B31: NO CUMPLE | C31: En conformidad al item 10.1.1: Si bien el interesado ha presentado contratos en los cuales acredita la ejecución de actividades relacionadas con señalización, la sumatoria de los ítems ejecutados no alcanza el porcentaje exigido como requisito en la experiencia específica requerida para la actividad objeto del proceso. Adicionalmente, se observa que el objeto contractual de los documentos aportados no guarda similitud con el objeto definido en los términos de la presente licitación.
A32: CONSORCIO VIAL 2024 | B32: NO CUMPLE | C32: En conformidad al item 10.1.1: Es necesario aportar evidencia clara y precisa que permita verificar la cantidad y el presupuesto efectivamente ejecutado en los contratos adjuntos, los cuales deben demostrar similitud con las actividades requeridas en el objeto del presente proceso de licitación. Adicionalmente, del análisis realizado se concluye que no se cumple con el porcentaje mínimo exigido en al menos uno de los contratos presentados, conforme a lo establecido en los requisitos del proceso.
A33: CONSORCIO INTERVENTOR 25 | B33: NO CUMPLE | C33: En conformidad al item 10.1.1: Si bien el interesado ha presentado contratos en los cuales acredita la ejecución de actividades relacionadas con señalización, la sumatoria de los ítems ejecutados por contrato presentado, no alcanza al porcentaje exigido como requisito en la experiencia específica requerida para la actividad objeto del proceso, sin embargo en su sumatoria global tiene una sumatoria considerable. Adicionalmente, se observa que el objeto contractual de los documentos aportados no guarda similitud del todo con el objeto definido en los términos de la presente licitación.
A34: CONSORCIO INCOPLAN | B34: NO CUMPLE | C34: En conformidad al item 10.1.1: Con base en la evaluación de la experiencia aportada, se requiere que el interesado precise las actividades específicas desarrolladas en el Contrato No. 1. Si bien se evidencia el cumplimiento en términos de la actividad general, es necesario presentar el desglose detallado de los ítems ejecutados con el fin de verificar la experiencia específica requerida. De igual forma, se solicita aportar información que demuestre las actividades efectivamente ejecutadas en el Contrato No. 3, conforme a los requisitos establecidos en los términos del proceso. En conformidad a item 10.1.1., Numeral E: No se evidencia el documento adicional de conformación de persona jurídica del proponente de cuya participación es el 10%.
A35: CONSORCIO INT SEGURIDAD VIAL | B35: NO CUMPLE | C35: En conformidad al item 10.1.1: Si bien el interesado ha presentado contratos en los cuales acredita la ejecución de actividades relacionadas con señalización, la sumatoria de los ítems ejecutados no alcanza el porcentaje exigido como requisito en la experiencia específica requerida para la actividad objeto del proceso. Adicionalmente, se observa que el objeto contractual de los documentos aportados no guarda similitud con el objeto definido en los términos de la presente licitación, Adicionalmente es necesario aportar evidencia clara y precisa que permita verificar la cantidad y el presupuesto efectivamente ejecutado en los contratos adjuntos
A36: CONSORCIO INTERVENTORÍA MOVIL | B36: CUMPLE
A37: CONSORCIO INTERVOJ | B37: NO CUMPLE | C37: En conformidad al item 10.1.1: Si bien el interesado ha presentado contratos en los cuales acredita la ejecución de actividades relacionadas con señalización, la sumatoria de los ítems ejecutados por contrato presentado, no alcanza al porcentaje exigido como requisito en la experiencia específica requerida para la actividad objeto del proceso, sin embargo en su sumatoria global tiene una sumatoria considerable. Adicionalmente, se observa que el objeto contractual de los documentos aportados no guarda similitud del todo con el objeto definido en los términos de la presente licitación y la sumatoria de los ítems ejecutados no alcanza el porcentaje exigido como requisito en la experiencia específica requerida para la actividad objeto
A38: VELNEC S.A. | B38: CUMPLE
A39: UNION TEMPORAL LOS TREBOLES | B39: CUMPLE
